 Dungeon Crawl Stone Soup version 0.26-a0-255-gd5f3108e62 (webtiles) character file.

Game seed: 12051696159544589054

270752 drasked the Acrobat (level 19, -26/99 HPs)
             Began as a Spriggan Enchanter on July 9, 2020.
             Was the Champion of Dithmenos.
             Killed from afar by Jory (46 damage)
             ... with a crystal spear
             ... on level 2 of the Vaults.
             The game lasted 04:22:09 (52734 turns).

drasked the Acrobat (Spriggan Enchanter)           Turns: 52734, Time: 04:22:10

Health: -26/99     AC: 28    Str:  9    XL:     19   Next: 43%
Magic:  0/36       EV: 24    Int: 28    God:    Dithmenos [******]
Gold:   3737       SH: 10    Dex: 14    Spells: 14/28 levels left

rFire    + + +     SeeInvis +   N - +7 quick blade of Evisceration {elec, +Rage rC+}
rCold    + + .     Faith    .   E - +3 buckler
rNeg     + . .     Spirit   +   b - +7 pearl dragon scales of the Forgotten Seas {rPois rN+ MR+ Int+2 Dex-3}
rPois    +         Reflect  .   M - +2 hat
rElec    .         Harm     .   J - scarf {repulsion}
rCorr    .                      (gloves unavailable)
MR       ++++.                  (boots unavailable)
Stlth    ++++++++++             G - amulet of guardian spirit {SpiritSpirit}
HPRegen  0.26/turn              F - ring of the Messenger {rF+++ MP+9 AC+4 Int+3}
MPRegen  0.25/turn              I - ring of Esotenie {rC+ Str+4}

@: wreathed by umbra, repel missiles, very quick
A: very small, unfitting armour, see invisible, herbivore, speed 3, slow
metabolism 2
}: 2/15 runes: decaying, serpentine
a: Shadow Step, Shadow Form, Renounce Religion, Evoke Berserk Rage


You were on level 2 of the Vaults.
You worshipped Dithmenos.
Dithmenos was exalted by your worship.
You were not hungry.

You visited 7 branches of the dungeon, and saw 34 of its levels.
You also visited: Sewer, Gauntlet and Ice Cave.

You collected 5282 gold pieces.
You spent 1545 gold pieces at shops.

Inventory:

Hand Weapons
 N - the +7 quick blade of Evisceration (weapon) {elec, +Rage rC+}
   (You found it on level 5 of the Lair of Beasts)

   Occasionally, upon striking a foe, it will discharge some electrical energy
   and cause terrible harm.
   It protects you from cold.
   It lets you go berserk.
Armour
 b - the +7 pearl dragon scales of the Forgotten Seas (worn) {rPois rN+ MR+ Int+2 Dex-3}
   (You found it on level 4 of the Snake Pit)

   It affects your intelligence (+2).
   It affects your dexterity (-3).
   It protects you from poison.
   It protects you from negative energy.
   It affects your resistance to hostile enchantments.
 p - a scarf of resistance
   (You bought it in a shop on level 1 of the Vaults)
 E - a +3 buckler (worn)
   (You bought it in a shop on level 9 of the Dungeon)
 J - a scarf of repulsion (worn)
   (You bought it in a shop on level 11 of the Dungeon)
 M - a +2 hat (worn)
   (You acquired it on level 13 of the Dungeon)
Jewellery
 u - the ring of Perfectionism {rF+ rN+ MR+ MP+9}
   (You found it in a Gauntlet)

   [ring of protection from magic]

   It protects you from fire.
   It protects you from negative energy.
   It affects your resistance to hostile enchantments.
   It affects your magic capacity (+9).
 C - an uncursed ring of resist corrosion
   (You found it on level 1 of the Vaults)
 F - the ring of the Messenger (left hand) {rF+++ MP+9 AC+4 Int+3}
   (You found it on level 2 of the Swamp)

   [ring of protection]

   It affects your AC (+4).
   It affects your intelligence (+3).
   It renders you almost immune to fire.
   It affects your magic capacity (+9).
 G - an amulet of guardian spirit (around neck) {SpiritSpirit}
   (You bought it in a shop on level 2 of the Orcish Mines)
 I - the ring of Esotenie (right hand) {rC+ Str+4}
   (You took it off a kobold on level 6 of the Dungeon)

   [ring of protection from cold]

   It affects your strength (+4).
   It protects you from cold.
 Y - the ring of the Blind Eye {rElec rC+ Int-4 Dex-4 SInv}
   (You found it on level 2 of the Snake Pit)

   [ring of dexterity]

   It affects your intelligence (-4).
   It affects your dexterity (-4).
   It protects you from cold.
   It insulates you from electricity.
   It lets you see invisible.
Wands
 c - a wand of enslavement (18)
   (You found it on level 1 of the Lair of Beasts)
 x - a wand of clouds (21)
   (You found it on level 8 of the Dungeon)
 D - a wand of digging (6)
   (You took it off Ijyb on level 3 of the Dungeon)
 H - a wand of polymorph (47)
   (You took it off Maurice on level 9 of the Dungeon)
 Q - a wand of iceblast (30)
   (You found it on level 12 of the Dungeon)
 T - a wand of paralysis (6)
   (You took it off a boggart on level 6 of the Lair of Beasts)
 V - a wand of disintegration (13)
   (You found it on level 15 of the Dungeon)
 X - a wand of acid (6)
   (You found it on level 2 of the Snake Pit)
Scrolls
 a - a scroll of summoning
 f - 5 scrolls of fog
 g - a scroll of magic mapping {!r!r}
 i - 11 scrolls of identify
 m - 5 scrolls of amnesia
 r - 2 scrolls of silence
 s - 3 scrolls of vulnerability {!r!r!r!r}
 t - 15 scrolls of teleportation
 w - 18 scrolls of remove curse
 B - a scroll of blinking {!r!r}
 L - a scroll of holy word {!r!r}
 R - 4 scrolls of enchant armour
 S - 2 scrolls of immolation {!r!r}
 U - 2 scrolls of enchant weapon
 Z - a scroll of torment {!r!r}
Potions
 d - 8 potions of might
 h - 2 potions of haste
 j - 11 potions of stabbing
 k - 5 potions of flight
 l - 4 potions of heal wounds
 n - 2 potions of resistance
 o - a potion of ambrosia
 q - 15 potions of curing
 v - 4 potions of magic
 y - 5 potions of lignification {!q!q}
 z - a potion of invisibility
 A - 4 potions of berserk rage {!q!q}
 O - 4 potions of cancellation
Miscellaneous
 K - a phial of floods
   (You found it on level 4 of the Lair of Beasts)
Comestibles
 e - 102 rations


   Skills:
 - Level 10.4 Fighting
 - Level 8.9 Short Blades
 + Level 11.4 Armour
 - Level 23.4 Dodging
 - Level 22.3 Stealth
 - Level 7.2 Shields
 - Level 5.0 Spellcasting
 - Level 2.0 Conjurations
 - Level 10.0 Hexes
 - Level 2.0 Air Magic
 - Level 2.0 Poison Magic
 - Level 10.0 Invocations
 - Level 10.0 Evocations


You had 14 spell levels left.
You knew the following spells:

 Your Spells              Type           Power        Failure   Level
a - Ensorcelled Hibernat  Hex/Ice        #####.       9%          2
b - Confusing Touch       Hex            ######..     2%          3
c - Dazzling Flash        Conj/Hex       #####.       12%         3
d - Tukima's Dance        Hex            ######..     2%          3
x - Mephitic Cloud        Conj/Pois/Air  ###.....     52%         3

Your spell library contained the following spells:

 Spells                   Type           Power        Failure   Level
 Corona                   Hex            ######.      1%          1
 Slow                     Hex            ######..     1%          2
 Spectral Weapon          Hex/Chrm       #####...     19%         3
 Magic Dart               Conj           ###.         21%         1
 Shock                    Conj/Air       ###.         21%         1
 Sting                    Tmut/Pois      ##..         30%         1
 Poisonous Vapours        Pois/Air       ###...       30%         2
 Fulminant Prism          Conj/Hex       #####.....   36%         4
 Freeze                   Ice            #...         43%         1
 Infusion                 Chrm           #...         43%         1
 Static Discharge         Conj/Air       ###.....     52%         3
 Leda's Liquefaction      Hex/Erth       #####.....   52%         4
 Blink                    Tloc           N/A          56%         2
 Call Imp                 Summ           #.......     56%         2
 Shroud of Golubria       Chrm/Tloc      #.....       56%         2
 Song of Slaying          Chrm           #.......     56%         2
 Sublimation of Blood     Necr           #.........   56%         2
 Conjure Flame            Conj/Fire      ##......     67%         3
 Ignite Poison            Fire/Tmut/Pois ##......     73%         3
 Gell's Gravitas          Tloc           #.........   80%         3
 Ozocubu's Armour         Chrm/Ice       #.......     80%         3
 Recall                   Summ/Tloc      N/A          80%         3
 Metabolic Englaciation   Hex/Ice        #####.....   86%         5
 Summon Mana Viper        Hex/Summ       #####...     86%         5
 Yara's Violent Unravell  Hex/Tmut       #####.....   86%         5
 Olgreb's Toxic Radiance  Pois           ###.....     90%         4
 Hailstorm                Conj/Ice       ##......     97%         4
 Iskenderun's Mystic Bla  Conj/Tloc      ##......     97%         4
 Sticky Flame             Conj/Fire      ##......     97%         4
 Animate Dead             Necr           #.........   99%         4
 Dispel Undead            Necr           #.......     99%         4
 Ice Form                 Ice/Tmut       #.......     99%         4
 Passage of Golubria      Tloc           N/A          99%         4
 Petrify                  Tmut/Erth      #.......     99%         4
 Alistair's Intoxication  Tmut/Pois      ##......     100%        5
 Aura of Abjuration       Summ           #.........   100%        5
 Irradiate                Conj/Tmut      ##........   100%        5
 Summon Demon             Summ           #.........   100%        5
 Summon Forest            Summ/Tloc      #.........   100%        5
 Eringya's Noxious Bog    Tmut/Pois      ##........   100%        6
 Freezing Cloud           Conj/Ice/Air   ##........   100%        6
 Ozocubu's Refrigeration  Ice            #.........   100%        6
 Shadow Creatures         Summ           N/A          100%        6
 Simulacrum               Ice/Necr       #.........   100%        6
 Ring of Flames           Chrm/Fire      #.........   100%        7


Dungeon Overview and Level Annotations

Branches:
Dungeon (15/15)            Temple (1/1) D:6            Lair (6/6) D:11
  Swamp (4/4) Lair:4        Snake (4/4) Lair:3        Slime (0/5) Lair:5
    Orc (2/2) D:11            Elf (0/3) Orc:2        Vaults (2/5) D:14
 Depths (0/5) D:15          Sewer (visited)           IceCv (visited)
Gauntlet (visited)
  Crypt: Vaults:2-3

Altars:
Ashenzari
Cheibriados
Dithmenos
Elyvilon
Fedhas
Gozag
Hepliaklqana
Kikubaaqudgha
Makhleb
Nemelex Xobeh
Okawaru
Qazlal
Ru
Sif Muna
Trog
Uskayaw
Vehumet
Wu Jian
Xom
Yredelemnul
Zin
The Shining One
Beogh

Shops:
D:6 *   D:7 ?   D:8 [((*   D:9 [   D:11 [   D:15 *   Orc:2 ([*=   Snake:1 [(
Vaults:1 [   Vaults:2 [

Annotations:
Lair:1 exclusion: 4 oklob plants
Vaults:2 Frederick, Jory


Innate Abilities, Weirdness & Mutations

You are very small and have problems with some larger weapons.
You are too small for most types of armour.
You have supernaturally acute eyesight. (SInv)
You are a herbivore.
You cover ground extremely quickly.
You need to consume almost no food.


Message History

Jory barely misses you.
You hit Jory but do no damage. You hit Jory but do no damage.
You closely miss Jory. You hit Jory but do no damage.
You hit Jory but do no damage. Jory closely misses you.
Jory bites you but does no damage.
You hit Jory but do no damage. You hit Jory but do no damage.
You hit Jory but do no damage. You barely miss Jory.
Jory is infused with unholy energy.
* * * LOW HITPOINT WARNING * * *
Jory draws life force from you and is healed!
You hit Jory but do no damage. You hit Jory but do no damage.
You hit Jory but do no damage. Jory barely misses you.
Jory bites you but does no damage.
Your pearl dragon scales of the Forgotten Seas prevents you from hitting Jory.
You hit Jory but do no damage.
You can't see any susceptible monsters within range! (Use Z to cast anyway.)
You hit Jory but do no damage. You hit Jory but do no damage.
You hit Jory but do no damage. You block Jory's attack.
Jory completely misses you.
You hit Jory but do no damage. You hit Jory but do no damage.
You hit Jory but do no damage. You hit Jory but do no damage.
You block Jory's attack. Jory bites you but does no damage.
You barely miss Jory. You hit Jory but do no damage.
You hit Jory but do no damage. You hit Jory but do no damage.
Jory casts a spell.
Jory attempts to bespell you! You resist with almost no effort.
You hit Jory but do no damage. You hit Jory but do no damage.
You hit Jory but do no damage. You hit Jory but do no damage.
You block Jory's attack. Jory misses you.
You hit Jory but do no damage. You hit Jory but do no damage.
You hit Jory but do no damage. You barely miss Jory.
Jory hits you with a +1 great sword!
* * * LOW HITPOINT WARNING * * *
You block Jory's attack.
You hit Jory but do no damage.
Your hands stop glowing.
You can't see any susceptible monsters within range! (Use Z to cast anyway.) Unknown command.
Unknown command.
Okay, then.
Jory gestures wildly at you.
Jory mumbles some strange words.
Jory attempts to bespell you! You resist with almost no effort.
You barely miss Jory. You barely miss Jory. You hit Jory but do no damage.
Lightning courses through Jory! Jory hits you but does no damage.
Jory completely misses you.
You hit Jory but do no damage. You hit Jory but do no damage.
You completely miss Jory.
Your pearl dragon scales of the Forgotten Seas prevents you from hitting Jory.
Jory is infused with unholy energy.
* * * LOW HITPOINT WARNING * * *
Jory draws life force from you and is healed!
You hit Jory but do no damage. Lightning courses through Jory!
You hit Jory but do no damage. You hit Jory but do no damage.
Lightning courses through Jory!! You hit Jory but do no damage.
Lightning courses through Jory! Jory hits you but does no damage.
Jory misses you.
You hit Jory. You hit Jory but do no damage. Lightning courses through Jory!
Your pearl dragon scales of the Forgotten Seas prevents you from hitting Jory.
You hit Jory but do no damage. Lightning courses through Jory!
Jory gestures wildly while chanting.
Jory attempts to bespell you! You resist with almost no effort.
You hit Jory but do no damage. Lightning courses through Jory!
You barely miss Jory. You hit Jory.
Jory is infused with unholy energy.
* * * LOW HITPOINT WARNING * * *
Jory draws life force from you and is healed!
You hit Jory but do no damage. You miss Jory. You hit Jory but do no damage.
You puncture Jory!
Jory is infused with unholy energy.
* * * LOW MAGIC WARNING * * *;
* * * LOW HITPOINT WARNING * * *
Jory draws life force from you and is healed!
You hit Jory but do no damage. Lightning courses through Jory!
You barely miss Jory. You hit Jory but do no damage.
Jory is infused with unholy energy.
* * * LOW MAGIC WARNING * * *;
* * * LOW HITPOINT WARNING * * *
Jory draws life force from you and is healed!
Jory points at you and mumbles some strange words.
The crystal spear hits you!!!
* * * LOW MAGIC WARNING * * *
You die...

..........#...........#...#.p....
..........#####'#######...#..<...
.......................p..#......
..########.............)..#......
..# #................#...... ..#
#..............).#..)... ..#
#................#...... ..#
#................#+##### ..#
#......@..)............. ..#
#....................... ..#
#...V....(..............
..######+#.........∩.............
.................................
.................................
.................................
..###########+##########.... ..#
...


You could see Jory and a hell knight (wandering).

Levels and vault maps discovered:
D:1:      dpeg_arrival_oval, layout_basic
D:2:      minmay_spotlight, layout_basic
D:3:      layout_rooms, portal_sewer_entry_d, trog_wizard, uniq_ijyb
D:4:      layout_basic, first_ration, uniq_edmund
D:5:      layout_basic, led_xom_imps, minmay_starry_boxes, uniq_eustachio
D:6:      cheibrodos_thug_alley, layout_rooms,
          minmay_temple_entry_drinking_statues, serial_shops, shop_coins,
          uniq_blork_the_orc
D:7:      layout_loops_corners, lemuel_crystal_altar,
          chequers_temple_overflow_minitemple, nicolae_tso_swordbearing_angel,
          serial_shops, nicolae_shop_crystal
D:8:      layout_basic, lemuel_round_altar, grunt_ogre_cave, glass_columns_a,
          minmay_shop_grid_forest, minmay_statues_item, minmay_misc_feat_room
D:9:      layout_basic, lemuel_crystal_altar, serial_shops,
          nicolae_shop_waterfront, uniq_maurice, uniq_erolcha
D:10:     gammafunk_jiyva_shrine, layout_cross, glass_columns_a,
          nicolae_zen_rock_garden
D:11:     layout_cave_pools, due_lair_maze_entry_diamond, david_orc_2,
          serial_shops, shop, grunt_qazlal_clouds
D:12:     layout_basic
D:13:     layout_loops_ring, lemuel_statue_altar, uniq_josephine, uniq_kirke
D:14:     minmay_the_grid_octo_tiled_octocenter
          [minmay_the_grid_octo_concentric,
          minmay_the_grid_octo_tetromino_candy,
          minmay_the_grid_octo_fat_diamond, minmay_the_grid_octo_clover,
          minmay_the_grid_octo_prize_star,
          minmay_the_grid_square_5x5_tetrominoes,
          minmay_the_grid_square_5x5_two_walls_b,
          minmay_the_grid_square_5x5_detours,
          minmay_the_grid_square_5x5_hollow_slash], layout_cave_pools,
          david_vaults_3, chequers_serial_rivers_micro_c,
          chequers_serial_rivers_marsh
D:15:     grunt_enter_depths_magical_seal, layout_gridville, basic_altar,
          serial_bayou_pond_d, serial_shops, shop, wad_floor_pattern_untrapped
Temple:   nicolae_temple_great_sept
Lair:1:   layout_gridlike, st_stairs_13, grunt_megastairs_4,
          minmay_lair_oklob_chamber, uniq_joseph
Lair:2:   layout_gridlike, gauntlet_entry_generic,
          cheibrodos_lair_caveside_slide, chequers_serial_rivers_marsh
Lair:3:   layout_concentric_octagons, minmay_snake_entry_six_corridors
Lair:4:   layout_regular_city, minmay_swamp_entry_swarm,
          nicolae_quartered_pool_little, st_stairs_7, lemuel_fruit_tree
Lair:5:   layout_gridlike, minmay_slime_entry_jelly_boxes
Lair:6:   minmay_lair_end_enchanted_forest, layout_cave_shapes
Swamp:1:  layout_basic_swamp, evilmike_swamp_ruin_rubble_1
Swamp:2:  layout_basic_swamp, evilmike_swamp_ruin_house_3, swamp_pool4,
          lemuel_altar_in_water
Swamp:3:  layout_basic_swamp, nicolae_swamp_feature_on_the_river_bank
Swamp:4:  swamp_fiery, layout_basic_swamp, infiniplex_staircase_pool,
          uniq_roxanne, uniq_nikola
Snake:1:  layout_grid_maze, portal_ice_cave_entry_pillars_four,
          minmay_shop_star, uniq_aizul
Snake:2:  layout_onion, hangedman_snake_thin_pillar_pass
Snake:3:  layout_honeycomb
Snake:4:  grunt_snake_rune_serpentine_throne, layout_concentric_octagons,
          special_room, serial_bayou_lagoon_a, nicolae_snake_double_loop,
          uniq_bai_suzhen, uniq_vashnia
Orc:1:    layout_caves
Orc:2:    st_orc_congregation, layout_diamond_mine, basic_altar,
          lightli_volcano_entry_magma_tube
Vaults:1: v_misc_10, vaults_mumra_hexcomb, ontoclasm_vaults_shuriken, v_misc_22,
          vaults_dpeg_ring, ontoclasm_vaults_tryst,
          nicolae_vaults_ninety_degrees, ontoclasm_vaults_claustrophobia,
          ontoclasm_vaults_ring_large, vaults_mumra_bighexcomb,
          ontoclasm_vaults_ring_square, vaults_mumra_minichess,
          vaults_mumra_minichess_inversion, nicolae_vaults_mini_display_case,
          layout_vaults_ring, serial_shops, shop
Vaults:2: ontoclasm_vaults_twist, vaults_room_corners, ontoclasm_vaults_fault,
          ontoclasm_vaults_ring_square, layout_vaults_quadrants, serial_shops,
          shop, uniq_jory, uniq_frederick, uniq_margery

Notes
Turn   | Place    | Note
-------+----------+-------------------------------------------
     0 | D:1      | drasked the Spriggan Enchanter began the quest for the Orb.
     0 | D:1      | Reached XP level 1. HP: 9/9 MP: 5/5
   278 | D:1      | Reached skill level 3 in Spellcasting
   419 | D:1      | Reached XP level 2. HP: 11/13 MP: 7/7
   489 | D:1      | Identified a +0 club
   695 | D:1      | Reached skill level 5 in Stealth
  1017 | D:1      | Reached skill level 2 in Short Blades
  1146 | D:1      | Identified a +0 club
  1183 | D:1      | Reached XP level 3. HP: 11/16 MP: 8/8
  1586 | D:2      | HP: 1/16 [quokka (5)]
  1937 | D:2      | Learned a level 2 spell: Ensorcelled Hibernation
  1941 | D:2      | Learned a level 3 spell: Confusing Touch
  2021 | D:2      | Identified a +0 dagger
  2054 | D:2      | Identified a +0 club
  2150 | D:2      | Identified a +0 club
  2150 | D:2      | Identified a +0 whip
  2832 | D:2      | Reached XP level 4. HP: 21/21 MP: 10/10
  2837 | D:2      | Learned a level 3 spell: Dazzling Flash
  2842 | D:2      | Identified a +0 club
  2995 | D:2      | Identified a +0 dagger
  3093 | D:2      | Identified a +0 club
  3247 | D:2      | Identified a +0 club
  3504 | D:2      | Identified a ring of ice (You found it on level 2 of the
                  | Dungeon)
  3554 | D:3      | Identified 4 scrolls of identify
  3554 | D:3      | Identified a scroll of enchant armour
  3555 | D:3      | Identified a potion of flight
  3556 | D:3      | Identified a potion of lignification
  3557 | D:3      | Identified a scroll of teleportation
  3599 | D:3      | Reached skill level 4 in Spellcasting
  3601 | D:3      | Identified a scroll of remove curse
  3602 | D:3      | Identified a scroll of blinking
  3604 | D:3      | Identified a scroll of immolation
  3686 | D:3      | Reached skill level 6 in Stealth
  3687 | D:3      | Found a glowing drain.
  3696 | Sewer    | Entered a sewer
  3728 | Sewer    | Reached skill level 3 in Short Blades
  3914 | Sewer    | Identified a +0 dagger
  3914 | Sewer    | Identified a +0 hand crossbow
  3914 | Sewer    | Identified a cursed +0 dagger
  3933 | Sewer    | HP: 4/21 [kobold/cursed +0 dagger (5)]
  4178 | Sewer    | Identified a potion of heal wounds
  4264 | Sewer    | Identified a +0 whip
  4264 | Sewer    | Identified a +0 club
  4264 | Sewer    | Identified a +0 whip
  4273 | Sewer    | Reached XP level 5. HP: 24/24 MP: 9/12
  4918 | Sewer    | Identified a +0 dagger
  4918 | Sewer    | Identified a +1 short sword of flaming
  4918 | Sewer    | Identified a cursed +0 dagger
  4919 | Sewer    | Identified a +0 short sword
  4919 | Sewer    | Identified a +0 whip
  5109 | Sewer    | Identified a +0 short sword
  5110 | Sewer    | Identified a +0 club
  5118 | Sewer    | Reached skill level 4 in Hexes
  5118 | Sewer    | Reached XP level 6. HP: 22/28 MP: 2/14
  5432 | D:3      | Identified 5 potions of curing
  5433 | D:3      | Identified 3 potions of stabbing
  5458 | D:3      | Identified a cursed +0 dagger
  5492 | D:3      | Identified a +6 club
  5492 | D:3      | Identified a +2 ring mail of cold resistance
  5492 | D:3      | Noticed Ijyb
  5516 | D:3      | Identified a +0 club
  5614 | D:3      | Identified a +4 short sword
  5649 | D:3      | Reached skill level 7 in Stealth
  5768 | D:3      | Identified a +0 mace
  6118 | D:3      | Found a bloodstained altar of Trog.
  6119 | D:3      | Noticed a wizard
  6126 | D:3      | Killed a wizard
  6262 | D:3      | Identified a +0 short sword
  6275 | D:3      | Killed Ijyb
  6275 | D:3      | Reached skill level 5 in Spellcasting
  6508 | D:4      | Reached skill level 4 in Short Blades
  6586 | D:4      | Identified a +2 flail of holy wrath
  6586 | D:4      | Identified a +0 leather armour
  6586 | D:4      | Noticed Edmund
  6590 | D:4      | Killed Edmund
  6673 | D:4      | Identified a +0 trident
  6676 | D:4      | Identified a +0 flail
  6676 | D:4      | Identified a +0 leather armour
  6897 | D:4      | Identified a +0 war axe
  6897 | D:4      | Identified a cursed -2 leather armour
  6996 | D:4      | Reached skill level 5 in Hexes
  6996 | D:4      | Reached XP level 7. HP: 32/32 MP: 10/15
  7136 | D:4      | Identified a +0 short sword
  7137 | D:4      | Identified a +0 short sword
  7137 | D:4      | Identified a +0 leather armour
  7158 | D:4      | Identified a +0 club
  7158 | D:4      | Identified a +0 short sword
  7159 | D:4      | Identified a +0 dagger
  7389 | D:4      | Identified a scroll of fog
  7390 | D:4      | Identified a scroll of fear
  7506 | D:4      | Identified 2 potions of mutation
  7507 | D:4      | Identified a potion of might
  7513 | D:4      | Identified a scarf of invisibility (You found it on level 4
                  | of the Dungeon)
  7513 | D:4      | Identified a +1 dagger of venom (You found it on level 4 of
                  | the Dungeon)
  7572 | D:5      | Entered Level 5 of the Dungeon
  7646 | D:5      | Identified a +0 trident
  7646 | D:5      | Identified a +0 ring mail
  7725 | D:4      | Reached skill level 8 in Stealth
  7996 | D:5      | Identified a +2 rapier of venom
  7996 | D:5      | Identified a +0 leather armour
  7996 | D:5      | Noticed Eustachio
  7999 | D:5      | Reached skill level 1 in Evocations
  8111 | D:5      | Identified a +3 whip
  8251 | D:5      | Reached skill level 5 in Short Blades
  8251 | D:5      | Reached skill level 2 in Evocations
  8257 | D:5      | Killed Eustachio
  8289 | D:5      | Identified a scroll of random uselessness
  8292 | D:5      | Identified a ring of positive energy (You found it on level
                  | 3 of the Dungeon)
  8293 | D:5      | Identified a ring of flight (You found it on level 3 of the
                  | Dungeon)
  8341 | D:5      | Reached skill level 9 in Stealth
  8341 | D:5      | Reached skill level 6 in Hexes
  8341 | D:5      | Reached skill level 3 in Evocations
  8452 | D:5      | Reached XP level 8. HP: 28/36 MP: 9/16
  8658 | D:5      | Identified a +2 dagger of venom
  8664 | D:5      | Reached skill level 4 in Evocations
  9021 | D:5      | Identified a +0 dagger
  9021 | D:5      | Identified a +0 robe
  9029 | D:5      | Identified a +0 war axe
  9029 | D:5      | Identified a +3 leather armour
  9176 | D:5      | Identified a +1 dagger of chaos
  9228 | D:5      | Identified a +0 mace
  9338 | D:5      | Found a shimmering altar of Xom.
  9415 | D:6      | Identified a +0 flail
  9415 | D:6      | Identified a +0 robe
  9415 | D:6      | Noticed Blork the orc
  9417 | D:6      | Killed Blork the orc
  9433 | D:6      | Identified a +0 dagger
  9433 | D:6      | Identified a cursed -2 robe
  9435 | D:6      | Identified a +0 dagger
  9435 | D:6      | Identified a +0 robe
  9436 | D:6      | Identified a cursed -1 whip
  9437 | D:6      | Identified a +0 short sword
  9437 | D:6      | Identified a +0 robe
  9438 | D:6      | Identified a cursed +0 morningstar
  9438 | D:6      | Identified a +0 robe
  9439 | D:6      | Identified a +0 great sword
  9439 | D:6      | Identified a +0 robe
  9439 | D:6      | Identified a +0 short sword
  9440 | D:6      | Identified a +0 morningstar
  9440 | D:6      | Identified a +0 robe
  9470 | D:6      | Reached skill level 10 in Stealth
  9684 | D:6      | Identified a cursed -3 dagger
  9684 | D:6      | Identified a +0 robe
  9684 | D:6      | Identified a +0 dagger
  9684 | D:6      | Identified a +0 robe
  9709 | D:6      | Reached skill level 7 in Hexes
  9709 | D:6      | Reached skill level 5 in Evocations
  9968 | D:6      | Found a staircase to the Ecumenical Temple.
  9968 | D:6      | Identified a +0 giant club
 10097 | Temple   | Entered the Ecumenical Temple
 10194 | Temple   | Became a worshipper of Dithmenos the Shadowed
 10262 | Temple   | Identified a ring of evasion (You found it on level 6 of
                  | the Dungeon)
 10263 | Temple   | Identified a potion of magic
 10284 | D:6      | Identified a +0 club
 10285 | D:6      | Identified a +0 club
 10287 | D:6      | Identified a +0 dagger
 10294 | D:6      | Identified a +0 dagger
 10294 | D:6      | Identified a +0 robe
 10296 | D:6      | Identified a +0 dagger
 10296 | D:6      | Identified a +0 robe
 10297 | D:6      | Identified a +0 whip
 10299 | D:6      | Identified a +0 club
 10315 | D:6      | HP: 9/37 [orc wizard/magic dart (5)]
 10504 | D:6      | Identified a +0 club
 10522 | D:6      | Reached skill level 11 in Stealth
 10564 | D:6      | Found Metiso's General Store.
 10635 | D:6      | Identified a +0 ring mail
 10635 | D:6      | Identified a +0 dagger
 10635 | D:6      | Identified a +0 robe
 10664 | D:6      | Reached skill level 1 in Fighting
 10668 | D:6      | Identified a +0 leather armour
 10680 | D:6      | Identified the ring of Esotenie {rC+ Str+4}
 10695 | D:6      | Identified a +0 flail of protection
 10695 | D:6      | Identified a +0 leather armour
 10701 | D:6      | Identified a +0 dagger
 10701 | D:6      | Identified a +0 robe
 10703 | D:6      | Identified a +0 dagger
 10703 | D:6      | Identified a +0 ring mail
 10708 | D:6      | Identified a +0 whip
 10967 | D:6      | Reached skill level 8 in Hexes
 11051 | D:6      | Reached skill level 4 in Dodging
 11051 | D:6      | Reached XP level 9. HP: 41/41 MP: 10/17
 11151 | D:6      | Identified a +0 club
 11152 | D:6      | Identified a +0 dagger
 11158 | D:6      | Reached * piety under Dithmenos
 11180 | D:6      | Identified a +0 dagger
 11328 | D:6      | Identified a +0 shortbow of flaming
 11377 | D:6      | Identified a +0 dagger
 11381 | D:6      | Identified a cursed -2 club
 11383 | D:6      | Identified a +0 club
 11630 | D:6      | Identified a +2 dagger of draining
 11712 | D:6      | Identified a scroll of summoning
 11712 | D:6      | Identified a +0 dagger
 11712 | D:6      | Identified a +0 leather armour
 11712 | D:6      | Identified a +0 mace
 11712 | D:6      | Identified a +0 leather armour
 11712 | D:6      | Identified a +0 flail
 11712 | D:6      | Identified a +0 giant club
 11718 | D:6      | Identified a potion of ambrosia
 11719 | D:6      | Identified a potion of resistance
 11720 | D:6      | Identified a potion of brilliance
 11725 | D:6      | Learned a level 3 spell: Tukima's Dance
 11837 | D:7      | Found Viohipn's Magic Scroll Shop.
 11870 | D:7      | Identified a +0 falchion
 11870 | D:7      | Identified a +0 robe
 11870 | D:7      | Identified a +0 long sword
 11870 | D:7      | Identified a +0 robe
 11892 | D:7      | Reached skill level 2 in Fighting
 11981 | D:7      | Reached skill level 5 in Dodging
 12031 | D:7      | Identified a cursed +0 long sword
 12031 | D:7      | Identified a +0 robe
 12141 | D:7      | Found a faded altar of an unknown god.
 12141 | D:7      | Found a glowing silver altar of Zin.
 12146 | D:7      | Found a faded altar of an unknown god.
 12148 | D:7      | Found an ornate altar of the Wu Jian Council.
 12151 | D:7      | Found a hide-covered altar of Uskayaw.
 12372 | D:7      | Identified a +0 giant club
 12564 | D:7      | Found an opulent altar of Gozag.
 12630 | D:7      | Identified a +0 club
 12832 | D:7      | Identified a cursed +1 falchion
 12832 | D:7      | Identified a +0 robe
 12834 | D:7      | Identified a +3 battleaxe
 12834 | D:7      | Identified a +0 robe
 12868 | D:7      | Identified a cursed +3 short sword
 12868 | D:7      | Identified a +0 robe
 12880 | D:7      | Reached skill level 12 in Stealth
 12944 | D:7      | Reached ** piety under Dithmenos
 12985 | D:7      | Found a glowing golden altar of the Shining One.
 13022 | D:7      | Identified a potion of degeneration
 13070 | D:8      | Identified a +0 whip
 13071 | D:8      | Identified a +0 flail
 13075 | D:8      | Identified a +0 whip
 13075 | D:8      | Identified a +0 leather armour
 13075 | D:8      | Identified a +0 spear
 13076 | D:8      | Identified a +0 ring mail
 13087 | D:8      | Identified a +0 dagger
 13087 | D:8      | Identified a +0 chain mail
 13088 | D:8      | Reached skill level 6 in Dodging
 13091 | D:8      | Identified a +0 leather armour
 13215 | D:8      | Reached skill level 9 in Hexes
 13293 | D:8      | Identified a +0 flail
 13293 | D:8      | Identified a +0 leather armour
 13312 | D:8      | Found a blossoming altar of Fedhas.
 13317 | D:8      | Reached skill level 1 in Invocations
 13390 | D:8      | Identified a +0 mace
 13390 | D:8      | Identified a +0 leather armour
 13390 | D:8      | Identified a +0 flail
 13390 | D:8      | Identified a +0 ring mail
 13390 | D:8      | Identified a +0 leather armour
 13393 | D:8      | Identified a +2 halberd of freezing
 13393 | D:8      | Identified a +0 plate armour
 13396 | D:8      | Identified a +0 leather armour
 13491 | D:8      | Reached skill level 3 in Fighting
 13668 | D:8      | Identified a +0 giant spiked club
 13690 | D:8      | Identified a +0 dagger
 13691 | D:8      | Identified a +0 short sword
 13692 | D:8      | Found Joba's Antique Weapon Shoppe.
 13692 | D:8      | Found Otea's Assorted Antiques.
 13692 | D:8      | Identified a +0 short sword
 13693 | D:8      | Identified a +2 whip of venom
 13712 | D:8      | Identified a +0 short sword
 13754 | D:8      | Reached skill level 2 in Invocations
 13769 | D:8      | Identified a scroll of amnesia
 13867 | D:8      | Found Viavyips's Antique Weapon Shoppe.
 13868 | D:8      | Found Amyedd's Antique Armour Shoppe.
 13906 | D:8      | Bought an embroidered robe for 88 gold pieces
 13924 | D:8      | Identified a +2 robe of the Archmagi (You bought it in a
                  | shop on level 8 of the Dungeon)
 14029 | D:9      | Identified a +0 short sword
 14029 | D:9      | Identified a +0 chain mail
 14029 | D:9      | Identified a +0 dagger
 14029 | D:9      | Identified a +0 robe
 14030 | D:9      | Identified a +0 mace
 14030 | D:9      | Identified a +0 short sword
 14030 | D:9      | Identified a +0 leather armour
 14032 | D:9      | Identified a +1 dagger of protection
 14032 | D:9      | Identified a +0 chain mail
 14043 | D:9      | Reached skill level 7 in Dodging
 14043 | D:9      | Reached XP level 10. HP: 49/49 MP: 6/18
 14189 | D:9      | Identified a cursed -3 mace
 14189 | D:9      | Identified a +0 robe
 14194 | D:9      | Reached *** piety under Dithmenos
 14196 | D:9      | Identified a +0 giant spiked club
 14224 | D:9      | Identified a +1 halberd of freezing
 14224 | D:9      | Identified a +0 robe
 14229 | D:9      | Identified a cursed -1 battleaxe
 14229 | D:9      | Identified a +0 robe
 14229 | D:9      | Identified a +0 spear
 14229 | D:9      | Identified a cursed +0 robe
 14310 | D:9      | Identified a +0 giant club
 14310 | D:9      | Identified a +1 robe of magic resistance
 14310 | D:9      | Noticed Erolcha
 14343 | D:9      | Killed Erolcha
 14343 | D:9      | Reached skill level 3 in Invocations
 14388 | D:9      | Found Nunepop's Antique Armour Emporium.
 14395 | D:9      | Bought a glowing buckler for 172 gold pieces
 14395 | D:9      | Bought a ripped robe for 131 gold pieces
 14408 | D:9      | Identified the +2 robe of the Enchanted Forest {+Inv Regen+
                  | Int+3} (You bought it in a shop on level 9 of the Dungeon)
 14408 | D:9      | drasked: ?? regen+
 14408 | D:9      | beem: regen+ ~ regen ~ regeneration[1/8]: Increases the
                  | rate at which you regain HP per turn. Regeneration doesn't
                  | work when you're {sick}; instead it makes Sickness
                  | disappear faster.
 14408 | D:9      | meem: regen+ ~ regen ~ regeneration[1/8]: Increases the
                  | rate at which you regain HP per turn. Regeneration doesn't
                  | work when you're {sick}; instead it makes Sickness
                  | disappear faster.
 14408 | D:9      | drasked: ??regen+ 2/8
 14408 | D:9      | beem: I don't have a page labeled regen+_2/8 in my learndb.
 14408 | D:9      | meem: I don't have a page labeled regen+_2/8 in my learndb.
 14408 | D:9      | drasked: ??regen+ [2/8]]
 14408 | D:9      | beem: I don't have a page labeled regen+ [2/8]] in my
                  | learndb.
 14408 | D:9      | meem: I don't have a page labeled regen+ [2/8]] in my
                  | learndb.
 14408 | D:9      | drasked: ??regen+ [2/8]
 14408 | D:9      | beem: regen+ ~ regen ~ regeneration[2/8]: The base
                  | regeneration rate is your maximum hitpoints / 3. If this
                  | number is over 20, then divide the result by two and add
                  | ten. For example, 100 max health results in a regen rate of
                  | 26. RR accumulates every turn and for every 100 RR you
                  | gain, you regenerate 1 hp. For 1 hp per turn, 540 health is
                  | needed. For 1 hp per 2 turns, 240.
 14408 | D:9      | meem: regen+ ~ regen ~ regeneration[2/8]: The base
                  | regeneration rate is your maximum hitpoints / 3. If this
                  | number is over 20, then divide the result by two and add
                  | ten. For example, 100 max health results in a regen rate of
                  | 26. RR accumulates every turn and for every 100 RR you
                  | gain, you regenerate 1 hp. For 1 hp per turn, 540 health is
                  | needed. For 1 hp per 2 turns, 240.
 14408 | D:9      | drasked: ??regen+ [3/8]
 14408 | D:9      | beem: regen+ ~ regen ~ regeneration[3/8]: An amulet or
                  | troll leather armour adds 40 to your rr, player mutation 20
                  | per level, and the status effect (spell) 100. What this
                  | means is that an amulet of regen or troll leather armour
                  | effectively doubles your healing rate (or better) for most
                  | characters.
 14408 | D:9      | meem: regen+ ~ regen ~ regeneration[3/8]: An amulet or
                  | troll leather armour adds 40 to your rr, player mutation 20
                  | per level, and the status effect (spell) 100. What this
                  | means is that an amulet of regen or troll leather armour
                  | effectively doubles your healing rate (or better) for most
                  | characters.
 14408 | D:9      | drasked: ??regen+ [4/8]
 14408 | D:9      | beem: regen+ ~ regen ~ regeneration[4/8]: The regeneration
                  | mutations conflict with slow metabolism, but do not
                  | otherwise affect your nutrition.
 14408 | D:9      | meem: regen+ ~ regen ~ regeneration[4/8]: The regeneration
                  | mutations conflict with slow metabolism, but do not
                  | otherwise affect your nutrition.
 14408 | D:9      | drasked: ??regen+ [5/8]
 14408 | D:9      | beem: regen+ ~ regen ~ regeneration[5/8]: If a character
                  | cannot regenerate passively (this means DD or bloodless Vp
                  | or any character with slow healing 3), items or spells that
                  | increase regeneration rate won't help. Trog's Hand and
                  | potions of ambrosia will, though!
 14408 | D:9      | meem: regen+ ~ regen ~ regeneration[5/8]: If a character
                  | cannot regenerate passively (this means DD or bloodless Vp
                  | or any character with slow healing 3), items or spells that
                  | increase regeneration rate won't help. Trog's Hand and
                  | potions of ambrosia will, though!
 14408 | D:9      | drasked: ??regen+ [6/8]
 14408 | D:9      | beem: regen+ ~ regen ~ regeneration[6/8]: Only increases
                  | hunger if you have HP to regenerate; you don't need to
                  | switch out the amulet when not regenerating. Player mummies
                  | can't memorize the regeneration spell.
 14408 | D:9      | meem: regen+ ~ regen ~ regeneration[6/8]: Only increases
                  | hunger if you have HP to regenerate; you don't need to
                  | switch out the amulet when not regenerating. Player mummies
                  | can't memorize the regeneration spell.
 14408 | D:9      | drasked: ??regen+ [7/8]
 14408 | D:9      | beem: regen+ ~ regen ~ regeneration[7/8]: regen is a
                  | spell you cast if you are not at full hp
 14408 | D:9      | meem: regen+ ~ regen ~ regeneration[7/8]: regen is a
                  | spell you cast if you are not at full hp
 14408 | D:9      | drasked: ??regen+ [8/8]
 14408 | D:9      | beem: regen+ ~ regen ~ regeneration[8/8]: Arrhythmia: 1)
                  | every character needs HP to live - Arrhythmia: 2) regen
                  | gives HP - Arrhythmia: 3) therefor, regen is good for every
                  | character
 14408 | D:9      | meem: regen+ ~ regen ~ regeneration[8/8]: Arrhythmia: 1)
                  | every character needs HP to live - Arrhythmia: 2) regen
                  | gives HP - Arrhythmia: 3) therefor, regen is good for every
                  | character
 14422 | D:9      | Identified a +0 club
 14440 | D:9      | Reached skill level 13 in Stealth
 14482 | D:9      | Identified a +0 giant spiked club
 14482 | D:9      | Identified a cursed -1 giant spiked club
 14482 | D:9      | Noticed a two-headed ogre
 14581 | D:9      | Identified a +0 short sword
 14581 | D:9      | Identified a +0 cloak
 14581 | D:9      | Noticed Maurice
 14605 | D:9      | Killed a two-headed ogre
 14605 | D:9      | Reached skill level 4 in Fighting
 14605 | D:9      | Reached skill level 8 in Dodging
 14605 | D:9      | Reached skill level 10 in Hexes
 14618 | D:9      | Identified a +0 giant club
 14715 | D:9      | Found an iron altar of Okawaru.
 14726 | D:9      | Killed Maurice
 14773 | D:9      | Reached skill level 4 in Invocations
 14832 | D:9      | Reached skill level 9 in Dodging
 15004 | D:9      | Identified a +0 short sword
 15010 | D:9      | Identified a +0 short sword
 15010 | D:9      | Identified a +0 dagger
 15010 | D:9      | Identified a cursed +0 dagger
 15162 | D:9      | Identified a +2 buckler (You bought it in a shop on level 9
                  | of the Dungeon)
 15175 | D:10     | Entered Level 10 of the Dungeon
 15175 | D:10     | Identified a +0 shortbow
 15175 | D:10     | Identified a +0 long sword
 15175 | D:10     | Identified a +0 plate armour
 15175 | D:10     | Identified a +0 dagger
 15175 | D:10     | Identified a +0 leather armour
 15175 | D:10     | Identified a +0 dagger
 15175 | D:10     | Identified a +0 robe
 15175 | D:10     | Identified a +2 vorpal war axe
 15175 | D:10     | Identified a +0 ring mail
 15175 | D:10     | Identified a +0 mace
 15175 | D:10     | Identified a +2 scale mail of cold resistance
 15183 | D:10     | Identified a +0 shortbow
 15509 | D:10     | Identified a +0 dagger
 15509 | D:10     | Identified a +0 short sword
 15509 | D:10     | Identified a +0 short sword
 15509 | D:10     | Identified a +0 chain mail
 15516 | D:9      | Reached XP level 11. HP: 37/54 MP: 14/19
 15615 | D:10     | Identified a +0 shortbow
 15622 | D:9      | Reached skill level 5 in Fighting
 15753 | D:10     | Identified a +0 dagger
 15759 | D:10     | Reached **** piety under Dithmenos
 15759 | D:10     | Reached skill level 14 in Stealth
 15759 | D:10     | Reached skill level 1 in Shields
 15777 | D:10     | Reached skill level 5 in Invocations
 15975 | D:10     | Reached skill level 10 in Dodging
 15975 | D:10     | Reached skill level 2 in Shields
 16296 | D:10     | Identified a +0 dagger
 16296 | D:10     | Identified a +0 robe
 16296 | D:10     | Identified a +0 club
 16300 | D:10     | Identified a +0 robe
 16525 | D:10     | Found a transporter.
 16567 | D:10     | Found a transporter.
 16780 | D:10     | Reached skill level 3 in Shields
 16782 | D:10     | Reached skill level 15 in Stealth
 16796 | D:10     | HP: 8/55 [slime creature (16)]
 16827 | D:10     | Learned a level 3 spell: Mephitic Cloud
 16827 | D:10     | Identified 2 scrolls of enchant weapon
 16829 | D:10     | Identified a potion of berserk rage
 16921 | D:11     | Identified a +0 dagger
 16921 | D:11     | Identified a cursed +0 robe
 16922 | D:11     | Identified +0 acid dragon scales
 16924 | D:11     | Identified a +0 whip
 16924 | D:11     | Identified a +0 scale mail
 16928 | D:11     | Identified a +0 short sword
 16928 | D:11     | Identified a +0 war axe
 16928 | D:11     | Identified a +0 club
 16928 | D:11     | Identified a +0 dagger
 16929 | D:11     | Identified a cursed -1 dagger
 16929 | D:11     | Identified a +0 flail
 16931 | D:11     | Identified a +0 trident
 17025 | D:11     | Found a staircase to the Orcish Mines.
 17133 | D:11     | Noticed a fire dragon
 17169 | D:11     | Reached ***** piety under Dithmenos
 17169 | D:11     | Reached skill level 4 in Shields
 17347 | D:11     | Found Nelen's Antique Armour Emporium.
 17347 | D:11     | Identified a +6 ring of dexterity
 17482 | D:11     | Reached skill level 5 in Shields
 17505 | D:11     | HP: 7/55 [fire dragon/blast of flame (48)]
 17646 | D:11     | Identified a +0 short sword
 17657 | D:11     | Identified a +0 flail
 17806 | D:11     | Identified a +1 dagger of holy wrath
 17806 | D:11     | Identified a +0 robe
 17806 | D:11     | Identified a +0 flail
 17806 | D:11     | Identified a +0 hunting sling
 17806 | D:11     | Identified a +0 hand axe
 17806 | D:11     | Identified a +0 ring mail
 17806 | D:11     | Identified a +0 short sword
 17996 | D:11     | Identified a +0 dagger
 17996 | D:11     | Identified a +0 chain mail
 17996 | D:11     | Identified a +0 club
 18184 | D:11     | Killed a fire dragon
 18184 | D:11     | Reached skill level 6 in Shields
 18317 | D:11     | Bought a runed scarf for 176 gold pieces
 18327 | D:11     | Identified a scarf of repulsion (You bought it in a shop on
                  | level 11 of the Dungeon)
 18613 | D:11     | Reached XP level 12. HP: 60/60 MP: 13/20
 18684 | D:11     | Found a staircase to the Lair.
 18819 | D:11     | Found a stormy altar of Qazlal.
 18909 | D:12     | Identified a +0 club
 18909 | D:12     | Identified a +0 leather armour
 18912 | D:12     | Identified a +0 whip
 18913 | D:12     | Identified a +0 dagger
 18913 | D:12     | Identified a +0 robe
 18913 | D:12     | Identified a +0 hand axe
 18913 | D:12     | Identified a +0 plate armour
 18915 | D:12     | Identified a +0 club
 19228 | D:12     | Identified a +0 giant club
 19315 | D:12     | Identified a +0 trident
 19315 | D:12     | Identified a +0 plate armour
 19315 | D:12     | Identified a +0 hand axe
 19315 | D:12     | Identified a +0 ring mail
 19317 | D:12     | Identified a +0 dagger
 19371 | D:12     | Reached skill level 7 in Shields
 19575 | D:12     | Identified a +0 mace
 19575 | D:12     | Identified a +0 leather armour
 19577 | D:12     | Identified a +0 hand axe
 19577 | D:12     | Identified a +0 leather armour
 19579 | D:12     | Identified a +0 club
 19579 | D:12     | Identified a +0 morningstar
 19579 | D:12     | Identified a +0 club
 19584 | D:12     | Identified +0 acid dragon scales
 20121 | D:13     | Identified a scroll of acquirement
 20121 | D:13     | Acquired a +2 hat
 20134 | D:13     | Identified a +1 long sword of draining
 20134 | D:13     | Identified a +0 ring mail
 20134 | D:13     | Identified a +0 buckler
 20134 | D:13     | Noticed a tengu warrior
 20147 | D:13     | Killed a tengu warrior
 20267 | D:13     | Identified a cursed +0 dagger
 20267 | D:13     | Identified a +0 leather armour
 20446 | D:13     | Identified a +0 giant spiked club
 20475 | D:13     | Identified a +0 shortbow
 20475 | D:13     | Noticed a centaur warrior
 20479 | D:13     | Killed a centaur warrior
 20479 | D:13     | Reached skill level 11 in Dodging
 20508 | D:13     | Found a sacrificial altar of Ru.
 20585 | D:13     | Identified a +0 dagger
 20585 | D:13     | Identified a +0 robe
 20587 | D:13     | Identified a +0 glaive
 20587 | D:13     | Identified a +0 chain mail
 20587 | D:13     | Identified a +0 flail
 20587 | D:13     | Identified a +0 leather armour
 20602 | D:13     | Reached skill level 6 in Fighting
 20898 | D:13     | Reached skill level 16 in Stealth
 21027 | D:13     | Noticed Kirke
 21030 | D:13     | Identified a +0 flail
 21030 | D:13     | Identified a +2 robe
 21030 | D:13     | Noticed Josephine
 21211 | D:13     | HP: 11/62 [harpy[Kirke] (15)]
 21407 | D:13     | Killed Kirke
 21407 | D:13     | Reached skill level 12 in Dodging
 21421 | D:13     | Killed Josephine
 21599 | D:14     | Identified a cursed -1 dagger
 21599 | D:14     | Identified a cursed +0 robe
 21626 | D:14     | Reached skill level 6 in Short Blades
 21626 | D:14     | Reached XP level 13. HP: 66/66 MP: 21/21
 21685 | D:14     | Reached ****** piety under Dithmenos
 21746 | D:14     | Identified a +0 giant club
 21749 | D:14     | Identified a +0 whip
 21759 | D:14     | Reached skill level 7 in Fighting
 21803 | D:14     | Identified a +0 trident
 21809 | D:14     | Identified a +0 shortbow of flaming
 21809 | D:14     | Identified a +0 rapier
 21809 | D:14     | Identified a +1 great mace of holy wrath
 21809 | D:14     | Identified a +0 plate armour
 21809 | D:14     | Identified a +0 dagger
 21810 | D:14     | Identified a +0 scimitar of flaming
 21810 | D:14     | Identified a +3 scimitar of flaming
 21810 | D:14     | Identified a +0 trident
 21810 | D:14     | Identified a +0 robe
 21810 | D:14     | Identified a +0 long sword
 21810 | D:14     | Identified a cursed +0 plate armour
 21810 | D:14     | Identified a +0 dagger
 21810 | D:14     | Identified a +0 robe
 21810 | D:14     | Identified a +0 short sword
 21810 | D:14     | Identified a +0 ring mail
 21812 | D:14     | Identified a +2 scimitar of flaming
 21848 | D:14     | Reached skill level 17 in Stealth
 21849 | D:14     | Identified a +2 battleaxe
 21849 | D:14     | Identified a +0 chain mail
 21885 | D:13     | Identified 2 scrolls of holy word
 22042 | Lair:1   | Entered Level 1 of the Lair of Beasts
 22209 | Lair:1   | Identified a cursed -1 quarterstaff
 22209 | Lair:1   | Identified a +2 vorpal hunting sling
 22209 | Lair:1   | Identified a +0 leather armour
 22209 | Lair:1   | Noticed Joseph
 22215 | Lair:1   | Killed Joseph
 22260 | Lair:1   | Reached skill level 7 in Short Blades
 22267 | Lair:1   | Reached skill level 13 in Dodging
 22985 | Lair:2   | Found a gate leading to a gauntlet.
 22993 | Lair:2   | Identified a scroll of noise
 23003 | Gauntlet | Entered a Gauntlet
 23003 | Gauntlet | Found a transporter.
 23003 | Gauntlet | Found a transporter.
 23023 | Gauntlet | Found a transporter.
 23023 | Gauntlet | Found a transporter.
 23033 | Gauntlet | Found a transporter.
 23037 | Gauntlet | Found a transporter.
 23057 | Gauntlet | Found a transporter.
 23074 | Gauntlet | Found a transporter.
 23078 | Gauntlet | Noticed a death ooze
 23092 | Gauntlet | Found a transporter.
 23095 | Gauntlet | Found a transporter.
 23097 | Gauntlet | Found a runed translucent gate.
 23097 | Gauntlet | Found a runed translucent gate.
 23098 | Gauntlet | Found a large runed translucent door.
 23098 | Gauntlet | Found a large runed translucent door.
 23099 | Gauntlet | Found a large runed translucent door.
 23100 | Gauntlet | Found a large runed translucent door.
 23101 | Gauntlet | Found a large runed translucent door.
 23101 | Gauntlet | Found a large runed translucent door.
 23101 | Gauntlet | Found a runed translucent door.
 23102 | Gauntlet | Found a large runed translucent door.
 23103 | Gauntlet | Found a large runed translucent door.
 23105 | Gauntlet | Found a transporter.
 23109 | Gauntlet | Found a transporter.
 23147 | Gauntlet | Found a large runed translucent door.
 23148 | Gauntlet | Found a large runed translucent door.
 23149 | Gauntlet | Found a large runed translucent door.
 23149 | Gauntlet | Found a large runed translucent door.
 23149 | Gauntlet | Found a runed translucent door.
 23150 | Gauntlet | Found a large runed translucent door.
 23151 | Gauntlet | Found a large runed translucent door.
 23152 | Gauntlet | Found a large runed translucent door.
 23152 | Gauntlet | Found a large runed translucent door.
 23153 | Gauntlet | Found a runed translucent gate.
 23235 | Gauntlet | Got a crude lapis lazuli ring
 23246 | Gauntlet | Identified the ring of Ashenzari's Reproof {rPois Str+6}
                  | (You found it in a Gauntlet)
 23382 | Gauntlet | Got a pitted marble ring
 23389 | Gauntlet | Identified the ring of Perfectionism {rF+ rN+ MR+ MP+9}
                  | (You found it in a Gauntlet)
 23492 | Gauntlet | Killed a death ooze
 23522 | Gauntlet | Identified Sif Muna's Tome of the Snowflakes and Feathers
 23526 | Gauntlet | Got a warped cloak
 23538 | Gauntlet | Identified the +1 cloak of Apathy {Int+3 Dex+3} (You found
                  | it in a Gauntlet)
 23617 | Gauntlet | Identified a +0 broad axe
 23617 | Gauntlet | Identified a +0 plate armour
 23617 | Gauntlet | Identified a +6 ring of intelligence
 23617 | Gauntlet | Noticed a minotaur
 23624 | Gauntlet | Killed a minotaur
 23628 | Gauntlet | Identified A Primer on Sorcery
 23653 | Lair:2   | Identified a +1 dagger of electrocution (You found it in a
                  | Gauntlet)
 24586 | Lair:3   | Reached skill level 8 in Short Blades
 24594 | Lair:3   | Found a staircase to the Snake Pit.
 24624 | Lair:3   | Reached skill level 8 in Fighting
 25155 | Lair:3   | Identified a potion of cancellation
 25244 | Lair:4   | Reached skill level 18 in Stealth
 25292 | Lair:4   | Reached skill level 14 in Dodging
 25439 | Lair:4   | Found a staircase to the Swamp.
 26158 | Lair:4   | Reached XP level 14. HP: 74/74 MP: 22/22
 26214 | Lair:4   | Identified a ring of teleportation (You found it on level 4
                  | of the Lair of Beasts)
 26842 | Lair:5   | Got a steaming quick blade
 26843 | Lair:5   | Identified the +7 quick blade of Evisceration {elec, +Rage
                  | rC+} (You found it on level 5 of the Lair of Beasts)
 26850 | Lair:5   | Identified a potion of haste
 26851 | Lair:5   | Identified a scroll of silence
 26894 | Lair:5   | Found a staircase to the Slime Pits.
 27705 | Lair:6   | Entered Level 6 of the Lair of Beasts
 28002 | Lair:6   | Identified a +0 spear
 28174 | Lair:6   | Identified a ring of protection (You found it on level 6 of
                  | the Lair of Beasts)
 28194 | Lair:6   | Identified a +0 short sword
 28194 | Lair:6   | Identified a +0 robe
 28194 | Lair:6   | Identified a +0 buckler
 28220 | Lair:6   | Identified a +0 short sword
 28220 | Lair:6   | Identified a +0 robe
 28221 | Lair:6   | Reached skill level 9 in Fighting
 28256 | Lair:6   | Reached skill level 15 in Dodging
 28379 | Lair:6   | Reached skill level 1 in Poison Magic
 28446 | Lair:6   | Identified a +0 short sword
 28446 | Lair:6   | Identified a +0 robe
 28448 | Lair:6   | Reached skill level 1 in Air Magic
 28491 | Lair:6   | Reached skill level 1 in Conjurations
 28503 | Lair:6   | Identified a +2 antimagic spear
 28503 | Lair:6   | Identified a +0 buckler
 28539 | Lair:6   | Identified a +0 short sword
 28539 | Lair:6   | Identified a +0 robe
 28539 | Lair:6   | Identified a +0 buckler
 28547 | Lair:6   | Reached skill level 19 in Stealth
 28616 | Lair:6   | Identified a +0 rapier of speed
 28616 | Lair:6   | Identified a +0 robe
 28616 | Lair:6   | Identified a +0 buckler
 28779 | Lair:6   | Identified a +0 dagger
 28779 | Lair:6   | Identified a +0 robe
 28805 | Lair:6   | Identified a +0 rapier
 28805 | Lair:6   | Identified a +0 robe
 28819 | Lair:6   | Reached skill level 2 in Poison Magic
 28869 | Lair:6   | Reached skill level 2 in Air Magic
 29088 | Lair:6   | Identified a cursed -3 short sword
 29088 | Lair:6   | Identified a +0 robe
 29104 | Lair:6   | Identified a +0 short sword
 29104 | Lair:6   | Identified a +0 robe
 29104 | Lair:6   | Identified a +2 buckler
 29216 | Lair:6   | Identified a +0 dagger
 29216 | Lair:6   | Identified a +0 robe
 29264 | Lair:6   | Reached skill level 2 in Conjurations
 29658 | Orc:1    | Entered Level 1 of the Orcish Mines
 29658 | Orc:1    | Identified a +0 short sword
 29658 | Orc:1    | Identified a +2 morningstar of draining
 29658 | Orc:1    | Identified a +0 chain mail
 29658 | Orc:1    | Identified a +0 whip
 29658 | Orc:1    | Identified a +0 mace
 29660 | Orc:1    | Identified a +0 hand axe
 29660 | Orc:1    | Identified a +0 scale mail
 29660 | Orc:1    | Identified a cursed -2 short sword
 29660 | Orc:1    | Identified a cursed +0 scale mail
 29660 | Orc:1    | Identified a +0 short sword
 29661 | Orc:1    | Identified a +0 dagger
 29661 | Orc:1    | Identified a +0 robe
 29667 | Orc:1    | Identified a +0 hand axe
 29667 | Orc:1    | Identified a +0 chain mail
 29667 | Orc:1    | Identified a +0 dagger
 29667 | Orc:1    | Identified a +0 robe
 29678 | Orc:1    | Identified a +0 ring mail
 29684 | Orc:1    | Identified a +0 short sword
 29684 | Orc:1    | Identified a +0 chain mail
 29692 | Orc:1    | Identified a +0 club
 29718 | Orc:1    | Identified a +0 scimitar
 29718 | Orc:1    | Identified a +0 chain mail
 29719 | Orc:1    | Identified a +0 dagger
 29719 | Orc:1    | Identified a +0 robe
 29720 | Orc:1    | Identified a +0 scale mail
 29721 | Orc:1    | Identified a +0 trident
 29721 | Orc:1    | Identified a +0 leather armour
 29721 | Orc:1    | Identified a +0 dagger
 29721 | Orc:1    | Identified a +0 robe
 29721 | Orc:1    | Identified a +0 mace
 29723 | Orc:1    | Identified a +0 dagger
 29723 | Orc:1    | Identified a +0 short sword
 29723 | Orc:1    | Identified a +0 mace
 29723 | Orc:1    | Identified a +0 scale mail
 29724 | Orc:1    | Identified a +0 dire flail
 29724 | Orc:1    | Identified a +0 chain mail
 29726 | Orc:1    | Identified a +0 dire flail
 29737 | Orc:1    | Identified a +0 dagger
 29737 | Orc:1    | Identified a +0 robe
 29742 | Orc:1    | Identified a +0 hand axe
 29742 | Orc:1    | Identified a +0 ring mail
 29823 | Orc:1    | Identified a +0 club
 29823 | Orc:1    | Identified a cursed +0 ring mail
 29880 | Orc:1    | Identified a +0 long sword
 29880 | Orc:1    | Identified a +0 chain mail
 29881 | Orc:1    | Identified a +0 giant club
 29912 | Orc:1    | Identified a +0 halberd
 29926 | Orc:1    | Identified a +0 dagger
 29926 | Orc:1    | Identified a +0 robe
 29927 | Orc:1    | Identified a +0 dagger
 29927 | Orc:1    | Identified a +0 robe
 29927 | Orc:1    | Identified a +0 dagger
 29927 | Orc:1    | Identified a +0 robe
 30031 | Orc:1    | Identified a +0 giant club
 30031 | Orc:1    | Identified a +0 whip
 30031 | Orc:1    | Identified a +0 leather armour
 30031 | Orc:1    | Identified a +0 halberd
 30040 | Orc:1    | Identified a +0 whip
 30277 | Orc:2    | Entered Level 2 of the Orcish Mines
 30277 | Orc:2    | Found a roughly hewn altar of Beogh.
 30277 | Orc:2    | Identified a +0 trident
 30277 | Orc:2    | Identified a cursed +0 chain mail
 30277 | Orc:2    | Identified a +0 mace
 30277 | Orc:2    | Identified a +0 club
 30277 | Orc:2    | Identified a +0 flail
 30277 | Orc:2    | Identified a +0 chain mail
 30277 | Orc:2    | Identified a +0 dagger
 30277 | Orc:2    | Identified a +0 robe
 30277 | Orc:2    | Identified a +0 dagger
 30277 | Orc:2    | Identified a +0 robe
 30277 | Orc:2    | Identified a +0 club
 30277 | Orc:2    | Identified a +0 leather armour
 30278 | Orc:2    | Identified a +0 dagger
 30278 | Orc:2    | Identified a +0 robe
 30279 | Orc:2    | Found a staircase to the Elven Halls.
 30279 | Orc:2    | Identified a +0 whip
 30281 | Orc:2    | Identified a +0 whip
 30281 | Orc:2    | Identified a +0 glaive
 30281 | Orc:2    | Identified a +0 plate armour
 30281 | Orc:2    | Identified a +0 club
 30281 | Orc:2    | Identified a +0 leather armour
 30282 | Orc:2    | Identified a +0 dagger
 30282 | Orc:2    | Identified a +2 robe of positive energy
 30282 | Orc:2    | Identified a +0 battleaxe
 30282 | Orc:2    | Identified a +0 plate armour
 30286 | Orc:2    | Identified a +0 dire flail
 30286 | Orc:2    | Identified a +0 dire flail
 30290 | Orc:2    | Identified a +0 scale mail
 30290 | Orc:2    | Identified a +0 mace
 30290 | Orc:2    | Identified a +0 leather armour
 30294 | Orc:2    | Identified a +0 dagger
 30294 | Orc:2    | Identified a +0 robe
 30294 | Orc:2    | Identified a +1 vorpal flail
 30294 | Orc:2    | Identified a +0 dagger
 30294 | Orc:2    | Identified a +2 robe of magic resistance
 30294 | Orc:2    | Identified a +0 hand axe
 30382 | Orc:2    | Identified a +0 trident
 30409 | Orc:2    | Identified a +0 trident
 30421 | Orc:2    | Identified a +0 war axe
 30421 | Orc:2    | Identified a +1 chain mail of fire resistance
 30423 | Orc:2    | Identified a +0 mace
 30423 | Orc:2    | Identified a +0 dagger
 30423 | Orc:2    | Identified a +0 chain mail
 30431 | Orc:2    | Identified a +1 vorpal dire flail
 30431 | Orc:2    | Identified a +0 chain mail
 30431 | Orc:2    | Identified a +0 dagger
 30431 | Orc:2    | Identified a cursed -2 robe
 30432 | Orc:2    | Identified a +0 short sword
 30432 | Orc:2    | Identified a +0 trident
 30432 | Orc:2    | Identified a +0 chain mail
 30432 | Orc:2    | Identified a +2 war axe of flaming
 30436 | Orc:2    | Identified a +0 battleaxe
 30436 | Orc:2    | Identified a +0 chain mail
 30491 | Orc:2    | Identified a +0 broad axe
 30491 | Orc:2    | Identified a +0 chain mail
 30492 | Orc:2    | Identified a +0 flail
 30563 | Orc:2    | Identified a +0 dagger
 30563 | Orc:2    | Identified a +0 robe
 30564 | Orc:2    | Identified a +2 war axe of freezing
 30564 | Orc:2    | Identified a +1 chain mail of fire resistance
 30564 | Orc:2    | Identified a +0 tower shield
 30564 | Orc:2    | Noticed an orc warlord
 30580 | Orc:2    | Identified a +0 halberd
 30580 | Orc:2    | Identified a +0 chain mail
 30589 | Orc:2    | Identified a +0 dagger
 30589 | Orc:2    | Identified a +0 robe
 30594 | Orc:2    | Identified a +0 dagger
 30594 | Orc:2    | Identified a +0 robe
 30603 | Orc:2    | Killed an orc warlord
 30616 | Orc:2    | Identified a +0 flail
 30694 | Orc:2    | Identified a +2 hand axe of venom
 30694 | Orc:2    | Identified a +0 dagger
 30694 | Orc:2    | Identified a +0 ring mail
 30696 | Orc:2    | Identified a +0 club
 30697 | Orc:2    | Identified a +0 short sword of protection
 30697 | Orc:2    | Identified a +0 chain mail
 30698 | Orc:2    | Identified a cursed -2 club
 30702 | Orc:2    | Identified a +0 dagger
 30705 | Orc:2    | Identified a +1 dagger of holy wrath
 30705 | Orc:2    | Identified a +0 robe
 30772 | Orc:2    | Identified a +0 dagger
 30772 | Orc:2    | Identified a +0 robe
 30774 | Orc:2    | Identified a +3 battleaxe of freezing
 30774 | Orc:2    | Identified a +0 plate armour
 30775 | Orc:2    | Identified a +0 battleaxe
 30775 | Orc:2    | Identified a +0 chain mail
 30782 | Orc:2    | Identified a +0 glaive
 30782 | Orc:2    | Identified a +0 chain mail
 30782 | Orc:2    | Identified a +0 hand axe
 30782 | Orc:2    | Identified a +0 leather armour
 30794 | Orc:2    | Reached skill level 10 in Fighting
 30813 | Orc:2    | Reached skill level 20 in Stealth
 30816 | Orc:2    | Identified a +0 dagger
 30816 | Orc:2    | Identified a +0 robe
 30817 | Orc:2    | Identified a +0 dagger
 30817 | Orc:2    | Identified a +0 robe
 30818 | Orc:2    | Identified a +0 hand axe
 30818 | Orc:2    | Identified a +0 ring mail
 30820 | Orc:2    | Identified a +0 dagger
 30820 | Orc:2    | Identified a +0 robe
 30828 | Orc:2    | Identified a +0 hand axe
 30828 | Orc:2    | Identified a +0 mace
 30828 | Orc:2    | Identified a +0 leather armour
 30828 | Orc:2    | Identified a +0 flail
 30871 | Orc:2    | Identified a +0 morningstar
 30871 | Orc:2    | Identified a +0 leather armour
 30873 | Orc:2    | Identified a +0 war axe
 30873 | Orc:2    | Identified a +0 chain mail
 30874 | Orc:2    | Identified a +0 halberd
 30874 | Orc:2    | Identified a +0 plate armour
 30874 | Orc:2    | Identified a +0 short sword
 30874 | Orc:2    | Identified a +0 ring mail
 30875 | Orc:2    | Identified a +0 dire flail
 30877 | Orc:2    | Identified a +0 flail
 30877 | Orc:2    | Identified a +0 chain mail
 30877 | Orc:2    | Identified a +3 flail
 30882 | Orc:2    | Identified a +0 falchion
 30882 | Orc:2    | Identified a +0 dire flail
 30882 | Orc:2    | Identified a +0 chain mail
 30891 | Orc:2    | Identified a +0 halberd
 30891 | Orc:2    | Identified a +0 plate armour
 30891 | Orc:2    | Identified a +0 leather armour
 30892 | Orc:2    | Identified a +0 scimitar
 30892 | Orc:2    | Identified a +0 chain mail
 30893 | Orc:2    | Reached XP level 15. HP: 59/80 MP: 23/23
 30895 | Orc:2    | Identified a +0 hand axe
 30895 | Orc:2    | Identified a cursed +0 scale mail
 30895 | Orc:2    | Identified a +0 club
 30895 | Orc:2    | Identified a +0 scale mail
 30907 | Orc:2    | HP: 18/80 [orc priest/divine providence (11)]
 31019 | Orc:2    | Identified a +0 trident
 31037 | Orc:2    | Identified a +0 dagger
 31037 | Orc:2    | Identified a +0 robe
 31144 | Orc:2    | Identified a +0 flail
 31147 | Orc:2    | Identified a +0 dagger of venom
 31147 | Orc:2    | Identified a +0 robe
 31147 | Orc:2    | Identified a +0 dagger
 31147 | Orc:2    | Identified a +0 robe
 31148 | Orc:2    | Identified a +0 dagger
 31149 | Orc:2    | Identified a +0 dagger
 31149 | Orc:2    | Identified a +0 robe
 31153 | Orc:2    | Identified a +0 hand axe
 31153 | Orc:2    | Identified a +0 leather armour
 31171 | Orc:2    | Identified a +2 flail of protection
 31179 | Orc:2    | Identified a +0 leather armour
 31203 | Orc:2    | Identified a +0 club
 31203 | Orc:2    | Identified a +0 leather armour
 31216 | Orc:2    | Identified a +0 war axe
 31216 | Orc:2    | Identified a +0 chain mail
 31217 | Orc:2    | Identified a +0 mace
 31217 | Orc:2    | Identified a +2 leather armour of fire resistance
 31218 | Orc:2    | Identified a +0 hand axe
 31218 | Orc:2    | Identified a +0 dagger
 31218 | Orc:2    | Identified a +0 ring mail
 31218 | Orc:2    | Identified a +0 mace
 31218 | Orc:2    | Identified a +0 leather armour
 31219 | Orc:2    | Identified a +0 war axe
 31237 | Orc:2    | Identified a +0 dagger
 31237 | Orc:2    | Identified a +0 robe
 31238 | Orc:2    | Found Qeme's General Store.
 31239 | Orc:2    | Found Ocvoifir's Jewellery Emporium.
 31240 | Orc:2    | Identified a +3 hand axe
 31240 | Orc:2    | Identified a +0 leather armour
 31243 | Orc:2    | Identified a +0 mace
 31243 | Orc:2    | Identified a +0 leather armour
 31255 | Orc:2    | Identified a +0 club
 31263 | Orc:2    | Identified a +0 flail
 31263 | Orc:2    | Identified a +0 ring mail
 31309 | Orc:2    | Identified a +0 club
 31309 | Orc:2    | Identified a +0 dagger
 31309 | Orc:2    | Identified a +0 robe
 31309 | Orc:2    | Identified a +0 dagger
 31309 | Orc:2    | Identified a +0 robe
 31310 | Orc:2    | Identified a +0 short sword
 31310 | Orc:2    | Identified a +0 leather armour
 31397 | Orc:2    | Identified a +0 club
 31399 | Orc:2    | Identified a +0 mace
 31399 | Orc:2    | Identified a +0 mace
 31399 | Orc:2    | Identified a cursed +0 plate armour
 31400 | Orc:2    | Identified a +3 great mace
 31400 | Orc:2    | Identified a +0 chain mail
 31400 | Orc:2    | Identified a cursed -3 short sword
 31400 | Orc:2    | Identified a +0 chain mail
 31401 | Orc:2    | Identified a +0 club
 31401 | Orc:2    | Identified a +0 dagger
 31401 | Orc:2    | Identified a +0 robe
 31408 | Orc:2    | Identified a cursed -2 dagger
 31408 | Orc:2    | Identified a +0 robe
 31450 | Orc:2    | Identified a +0 club
 31621 | Orc:2    | Found Ysoffir's Antique Armour Shoppe.
 31621 | Orc:2    | Found Pownevil's Antique Weapon Shoppe.
 31628 | Orc:2    | Bought an uncursed amulet of guardian spirit for 300 gold
                  | pieces
 31770 | Orc:1    | Identified a +0 trident
 31772 | Orc:1    | Identified a +0 flail
 31773 | Orc:1    | Identified a +0 dire flail
 31773 | Orc:1    | Identified a +0 chain mail
 31773 | Orc:1    | Identified a cursed -2 short sword
 31774 | Orc:1    | Identified a +0 falchion of protection
 31774 | Orc:1    | Identified a +0 ring mail
 31774 | Orc:1    | Identified a +0 short sword
 31775 | Orc:1    | Identified a +0 trident
 31776 | Orc:1    | Identified a +0 mace
 31776 | Orc:1    | Identified a +0 chain mail
 31860 | Orc:1    | Identified a +0 dagger
 31862 | Orc:1    | Identified a +0 club
 31862 | Orc:1    | Identified a cursed +0 scale mail
 31862 | Orc:1    | Identified a +0 short sword
 31864 | Orc:1    | Identified a +0 short sword
 31864 | Orc:1    | Identified a +0 leather armour
 31868 | Orc:1    | Identified a +0 dagger
 31868 | Orc:1    | Identified a +0 robe
 32007 | D:14     | Found a gate to the Vaults.
 32007 | D:14     | Identified a +3 demon trident
 32007 | D:14     | Identified a +3 scale mail
 32007 | D:14     | Noticed Urug
 32007 | D:14     | Identified a +0 longbow
 32007 | D:14     | Identified a +3 vorpal great mace
 32007 | D:14     | Identified a +0 ring mail
 32007 | D:14     | Noticed Rupert
 32007 | D:14     | Identified a +0 shortbow
 32007 | D:14     | Identified a +0 dagger
 32007 | D:14     | Identified a +0 leather armour
 32053 | D:14     | Identified a +0 long sword
 32219 | D:13     | Killed Rupert
 32219 | D:13     | Reached skill level 21 in Stealth
 32219 | D:13     | Reached skill level 6 in Evocations
 32331 | D:14     | Killed Urug
 32351 | D:14     | Reached skill level 7 in Evocations
 32420 | D:14     | Identified a +2 long sword of holy wrath
 32420 | D:14     | Identified a +0 leather armour
 32451 | D:14     | Identified +0 steam dragon scales
 32608 | D:14     | Identified a +0 giant club
 33156 | D:15     | Entered Level 15 of the Dungeon
 33163 | D:15     | Reached skill level 8 in Evocations
 33278 | D:15     | Identified a +0 hand axe
 33283 | D:15     | Identified a +0 dire flail
 33283 | D:15     | Identified a +0 long sword
 33283 | D:15     | Identified a +0 longbow
 33284 | D:15     | Found Rourche's Assorted Antiques.
 33355 | D:15     | Identified a +0 glaive
 33540 | D:15     | Bought a scroll of blinking for 150 gold pieces
 33540 | D:15     | Bought 3 scrolls labeled YSCHEPH JUSYCAKUMPI for 60 gold
                  | pieces
 33540 | D:15     | Bought a marble ring for 100 gold pieces
 33553 | D:15     | Identified a +0 shortbow
 33562 | D:15     | Reached skill level 9 in Evocations
 33612 | D:15     | Reached skill level 22 in Stealth
 33664 | D:15     | Identified a +1 cloak (You found it on level 15 of the
                  | Dungeon)
 33800 | D:15     | Identified a +0 shortbow
 33825 | D:15     | Identified a +0 shortbow
 33825 | D:15     | Identified a +0 shortbow
 33826 | D:15     | Identified a +0 shortbow
 33827 | D:15     | Identified a +0 longbow
 33827 | D:15     | Identified a +0 shortbow
 33896 | D:15     | Identified a +3 war axe
 33896 | D:15     | Identified a +0 leather armour
 33896 | D:15     | Identified a +0 buckler
 34031 | D:15     | Identified a +0 short sword
 34031 | D:15     | Identified a +0 scale mail
 34033 | D:15     | Identified a +0 giant club
 34033 | D:15     | Identified a +0 giant spiked club
 34034 | D:15     | Identified a +2 vampiric battleaxe
 34034 | D:15     | Identified a +0 ring mail
 34047 | D:15     | Identified a +0 dire flail
 34047 | D:15     | Identified a +0 dire flail
 34318 | D:15     | Identified a +0 dagger
 34318 | D:15     | Identified a +0 robe
 34324 | D:15     | Identified a +0 dagger
 34324 | D:15     | Identified a +2 robe of magic resistance
 34328 | D:15     | Identified a +0 dagger
 34328 | D:15     | Identified a +0 robe
 34345 | D:15     | Identified a +0 spear
 34359 | D:15     | Found a staircase to the Depths.
 34359 | D:15     | Identified a +0 dagger
 34359 | D:15     | Identified a +0 robe
 34422 | D:15     | Found a hide-covered altar of Uskayaw.
 34674 | Lair:4   | Reached skill level 6 in Invocations
 34695 | Swamp:1  | Entered Level 1 of the Swamp
 34696 | Swamp:1  | Reached skill level 10 in Evocations
 34831 | Swamp:1  | Reached skill level 7 in Invocations
 34944 | Swamp:1  | Identified the Disquisition on Glacial Conjuration
 35124 | Swamp:1  | Reached XP level 16. HP: 36/85 MP: 8/24
 35125 | Swamp:1  | HP: 20/85 [shambling mangrove (17)]
 35218 | Swamp:1  | Reached skill level 8 in Invocations
 35359 | Swamp:1  | Identified a +0 spear
 35907 | Swamp:1  | Reached skill level 9 in Invocations
 36105 | Swamp:1  | HP: 21/85 [hornet[a shambling mangrove] (12)]
 36300 | Swamp:2  | Identified a +0 spear
 36300 | Swamp:2  | Identified a cursed +0 buckler
 36400 | Swamp:2  | Got a pitted marble ring
 36421 | Swamp:2  | Identified +0 swamp dragon scales
 36625 | Swamp:2  | Identified +0 swamp dragon scales
 36634 | Swamp:2  | Identified the ring of the Messenger {rF+++ MP+9 AC+4
                  | Int+3} (You found it on level 2 of the Swamp)
 36810 | Swamp:2  | Found a hide-covered altar of Uskayaw.
 36836 | Swamp:2  | You fall into a shaft and drop 1 floor!
 36837 | Swamp:3  | Identified a +0 rapier
 36837 | Swamp:3  | Identified a +0 robe
 36848 | Swamp:3  | Identified a +0 dagger
 36848 | Swamp:3  | Identified a +0 robe
 36851 | Swamp:3  | Identified a +0 quarterstaff
 36851 | Swamp:3  | Identified a cursed +0 robe
 37021 | Swamp:3  | Reached skill level 10 in Invocations
 37214 | Swamp:3  | Identified a +0 spear
 37215 | Swamp:3  | Identified a +0 spear
 37218 | Swamp:3  | Identified a +0 spear of flaming
 37219 | Swamp:3  | Reached skill level 16 in Dodging
 37232 | Swamp:3  | Identified a +0 spear
 37444 | Swamp:3  | Identified a +0 quarterstaff
 37444 | Swamp:3  | Identified a +0 robe
 37489 | Swamp:3  | Identified a cursed -1 quarterstaff
 37489 | Swamp:3  | Identified a +0 robe
 37496 | Swamp:3  | Identified a +0 spear
 37497 | Swamp:3  | Identified a +0 dagger
 37497 | Swamp:3  | Identified a +0 robe
 37497 | Swamp:3  | Identified a +0 buckler
 37514 | Swamp:3  | Reached skill level 17 in Dodging
 37792 | Swamp:3  | Noticed a thorn hunter
 37824 | Swamp:3  | Killed a thorn hunter
 38409 | Swamp:3  | Identified a ring of slaying (You found it on level 3 of
                  | the Swamp)
 38411 | Swamp:4  | Entered Level 4 of the Swamp
 38412 | Swamp:4  | Acquired 1560 gold pieces
 38439 | Swamp:4  | Identified a +3 rapier of electrocution
 38439 | Swamp:4  | Identified a +0 cloak
 38439 | Swamp:4  | Identified a +0 pair of gloves
 38439 | Swamp:4  | Noticed Nikola
 38474 | Swamp:4  | HP: 2/85 [Nikola/chain lightning (25)]
 38676 | Swamp:4  | Reached skill level 18 in Dodging
 38729 | Swamp:4  | HP: 20/85 [hornet[a shambling mangrove] (10)]
 38733 | Swamp:4  | HP: 9/85 [hornet[a shambling mangrove] (10)]
 38734 | Swamp:4  | HP: 3/85 [hornet[a shambling mangrove] (6)]
 39297 | Swamp:3  | Identified +0 swamp dragon scales
 39502 | Swamp:4  | Identified +0 steam dragon scales
 39527 | Swamp:4  | Reached skill level 19 in Dodging
 39752 | Swamp:4  | Identified +0 swamp dragon scales
 39778 | Swamp:4  | Killed Nikola
 39846 | Swamp:4  | Reached XP level 17. HP: 89/89 MP: 25/25
 40047 | Swamp:4  | Identified +0 fire dragon scales
 40070 | Swamp:4  | Reached skill level 20 in Dodging
 40123 | Swamp:4  | Identified +0 steam dragon scales
 40126 | Swamp:4  | Identified Roxanne's Tome of Clay
 40126 | Swamp:4  | Noticed Roxanne
 40214 | Swamp:4  | Got a decaying rune of Zot
 40371 | Swamp:4  | Identified a +0 quarterstaff
 40371 | Swamp:4  | Identified a +0 robe
 40371 | Swamp:4  | Identified a cursed -3 rapier
 40371 | Swamp:4  | Identified a +0 robe
 40371 | Swamp:4  | Identified a cursed +0 buckler
 40371 | Swamp:4  | Identified a +0 spear
 40371 | Swamp:4  | Identified a +0 spear of venom
 40375 | Swamp:4  | Killed Roxanne
 40883 | Snake:1  | Entered Level 1 of the Snake Pit
 40891 | Snake:1  | Found Joug Tuquor's Armour Shop.
 40896 | Snake:1  | Found Xymeafay's Antique Weapon Shop.
 40900 | Snake:1  | Identified a +0 battleaxe
 40937 | Snake:1  | Found a frozen archway.
 40945 | IceCv    | Entered an ice cave
 41417 | IceCv    | Identified a ring of see invisible (You found it in an ice
                  | cave)
 41581 | Snake:1  | Identified a +3 mace of protection
 41631 | Snake:1  | Identified a +0 spear
 41631 | Snake:1  | Identified a +0 robe
 41736 | Snake:1  | You fall into a shaft and drop 1 floor!
 41753 | Snake:2  | Identified a +0 battleaxe
 41753 | Snake:2  | Identified a +0 arbalest
 41764 | Snake:2  | Reached skill level 21 in Dodging
 41794 | Snake:1  | Identified a +0 spear
 41794 | Snake:1  | Identified a +1 robe of magic resistance
 41872 | Snake:1  | Noticed Aizul
 41879 | Snake:1  | Killed Aizul
 41882 | Snake:1  | Identified a +0 halberd
 41882 | Snake:1  | Identified a +0 robe
 41935 | Snake:1  | Identified a +0 war axe
 41936 | Snake:1  | Identified a +0 dire flail
 41939 | Snake:1  | Identified a +0 halberd
 41939 | Snake:1  | Identified a +0 shortbow
 41940 | Snake:1  | Identified a +0 glaive
 41940 | Snake:1  | Identified a +0 arbalest
 41940 | Snake:1  | Identified a +0 robe
 41940 | Snake:1  | Identified a +0 short sword
 42015 | Snake:1  | Identified a +0 dagger of venom
 42015 | Snake:1  | Identified a +0 robe
 42215 | Snake:1  | Identified a +0 scimitar
 42238 | Snake:1  | Identified a +0 scimitar
 42241 | Snake:1  | Identified a +0 glaive
 42241 | Snake:1  | Identified a +0 robe
 42403 | Snake:1  | Identified a +0 glaive
 42403 | Snake:1  | Identified a +0 longbow
 42458 | Snake:1  | Identified a +0 scimitar
 42458 | Snake:1  | Identified a +0 robe
 42458 | Snake:1  | Identified a +0 war axe
 42458 | Snake:1  | Identified a +0 hand axe
 42458 | Snake:1  | Identified a +0 trident
 42458 | Snake:1  | Identified a +0 robe
 42772 | Snake:2  | Identified a +0 shortbow of flaming
 42793 | Snake:2  | Identified a +0 flail
 42793 | Snake:2  | Identified a +0 robe
 42794 | Snake:2  | Identified a +0 glaive
 42794 | Snake:2  | Identified a +0 robe
 42795 | Snake:2  | Identified a +0 halberd
 42797 | Snake:2  | Identified a +0 long sword
 42797 | Snake:2  | Identified a +0 robe
 42804 | Snake:2  | Identified a +1 flail of protection
 42810 | Snake:2  | Identified a +0 short sword
 42810 | Snake:2  | Identified a +0 arbalest
 42822 | Snake:2  | Reached skill level 22 in Dodging
 42846 | Snake:2  | Identified a cursed -1 war axe
 42846 | Snake:2  | Identified a +0 kite shield
 42848 | Snake:2  | Identified a +0 hand axe
 42925 | Snake:2  | Identified a +0 dire flail
 43104 | Snake:2  | Identified a +0 halberd
 43104 | Snake:2  | Identified a +0 robe
 43105 | Snake:2  | Identified a +0 trident of protection
 43106 | Snake:2  | Identified a +0 long sword
 43106 | Snake:2  | Identified a +0 robe
 43109 | Snake:2  | Identified a +0 spear
 43211 | Snake:2  | Identified a +0 hand axe
 43404 | Snake:2  | Got a crude silver ring
 43478 | Snake:2  | Identified the cursed ring of the Blind Eye {rElec rC+
                  | Int-4 Dex-4 SInv} (You found it on level 2 of the Snake
                  | Pit)
 43495 | Snake:3  | Identified a +0 whip
 43495 | Snake:3  | Identified a +0 robe
 43627 | Snake:3  | Identified a scroll of torment
 43628 | Snake:3  | Identified a ring of fire (You found it on level 3 of the
                  | Snake Pit)
 43816 | Snake:3  | Identified a +0 halberd
 43820 | Snake:3  | Identified a +0 hand axe
 43821 | Snake:3  | Identified a +0 mace
 43821 | Snake:3  | Identified a cursed +0 robe
 43822 | Snake:3  | Identified a +0 mace
 43822 | Snake:3  | Identified a +0 arbalest
 43901 | Snake:3  | Identified a +0 short sword
 43901 | Snake:3  | Identified a +0 robe
 44001 | Snake:3  | Identified a +0 robe
 44062 | Snake:3  | Identified a scarf of invisibility (You found it on level 3
                  | of the Snake Pit)
 44097 | Snake:3  | Reached skill level 23 in Dodging
 44112 | Snake:3  | Identified a +1 dagger of venom
 44112 | Snake:3  | Identified a +0 robe
 44349 | Snake:3  | Identified a +0 trident
 44349 | Snake:3  | Identified a +0 robe
 44551 | Snake:4  | Entered Level 4 of the Snake Pit
 44551 | Snake:4  | Identified a +0 short sword
 44551 | Snake:4  | Identified a +0 arbalest
 44570 | Snake:4  | Identified a +0 battleaxe
 44570 | Snake:4  | Identified a +0 arbalest
 44570 | Snake:4  | Identified a +0 robe
 44570 | Snake:4  | Identified a +0 long sword
 44570 | Snake:4  | Identified a +0 longbow
 44571 | Snake:4  | Identified a +1 hand axe of flaming
 44571 | Snake:4  | Identified a +2 vorpal longbow
 44571 | Snake:4  | Identified a +1 naga barding of cold resistance
 44571 | Snake:4  | Noticed Vashnia
 44571 | Snake:4  | Identified a +0 halberd
 44571 | Snake:4  | Identified a +0 arbalest
 44578 | Snake:4  | Identified a +0 halberd
 44578 | Snake:4  | Identified a +0 shortbow
 44578 | Snake:4  | Identified a +0 long sword
 44578 | Snake:4  | Identified a +0 arbalest
 44604 | Snake:4  | Killed Vashnia
 44751 | Snake:4  | Got pitted pearl dragon scales
 44771 | Snake:4  | Identified the +7 pearl dragon scales of the Forgotten Seas
                  | {rPois rN+ MR+ Int+2 Dex-3} (You found it on level 4 of the
                  | Snake Pit)
 44807 | Snake:4  | Reached XP level 18. HP: 95/95 MP: 26/26
 44831 | Snake:4  | HP: 19/95 [shock serpent/bolt of electricity (10)]
 45073 | Snake:4  | Identified a +0 spear
 45073 | Snake:4  | Identified a +0 hand axe
 45073 | Snake:4  | Identified a +0 robe
 45073 | Snake:4  | Identified a cursed +0 spear
 45073 | Snake:4  | Identified a +0 battleaxe
 45073 | Snake:4  | Identified a +0 mace
 45127 | Snake:4  | Reached skill level 1 in Armour
 45175 | Snake:4  | Identified a +0 long sword
 45176 | Snake:4  | Identified a +0 whip
 45176 | Snake:4  | Identified a +2 dagger of venom
 45176 | Snake:4  | Identified a cursed +0 robe
 45177 | Snake:4  | Identified a +0 halberd
 45177 | Snake:4  | Identified a +0 long sword
 45177 | Snake:4  | Identified a +0 robe
 45370 | Snake:4  | Identified a +0 shortbow of flaming
 45371 | Snake:4  | Identified a +0 battleaxe of flaming
 45413 | Snake:4  | Identified a cursed -3 battleaxe
 45414 | Snake:4  | Reached skill level 2 in Armour
 45510 | Snake:4  | Identified a +0 club
 45510 | Snake:4  | Identified a +0 robe
 45511 | Snake:4  | Identified a +0 hand axe
 45535 | Snake:4  | Identified a +3 battleaxe
 45574 | Snake:4  | Identified a +0 club
 45574 | Snake:4  | Identified a +0 war axe
 45574 | Snake:4  | Identified a +0 shortbow
 45574 | Snake:4  | Identified a +0 robe
 45576 | Snake:4  | Identified a +0 short sword
 45603 | Snake:4  | Identified a +0 quarterstaff
 45603 | Snake:4  | Noticed Bai Suzhen
 45650 | Snake:4  | Killed Bai Suzhen
 45650 | Snake:4  | Reached skill level 3 in Armour
 45665 | Snake:4  | Identified a +4 trident
 45679 | Snake:4  | HP: 23/95 [salamander/+4 trident (1)]
 46132 | Snake:4  | Reached skill level 4 in Armour
 46187 | Snake:4  | Identified a +0 halberd
 46189 | Snake:4  | Identified a +0 flail
 46192 | Snake:4  | Identified a +1 flail of holy wrath
 46192 | Snake:4  | Identified a +0 robe
 46211 | Snake:4  | Identified a +0 halberd
 46258 | Snake:4  | Identified a +0 war axe
 46258 | Snake:4  | Identified a +0 robe
 46259 | Snake:4  | Identified a +0 hand axe
 46261 | Snake:4  | Identified a +0 dire flail
 46261 | Snake:4  | Identified a cursed +0 robe
 46261 | Snake:4  | Identified a cursed -1 war axe
 46261 | Snake:4  | Identified a +0 robe
 46262 | Snake:4  | Identified a +0 mace
 46263 | Snake:4  | Identified a +0 dagger of venom
 46263 | Snake:4  | Identified a +0 robe
 46264 | Snake:4  | Identified a +1 flail of protection
 46264 | Snake:4  | Identified a +0 robe
 46271 | Snake:4  | Identified a +0 hand axe
 46377 | Snake:4  | Identified a +0 glaive
 46377 | Snake:4  | Identified a +0 arbalest
 46377 | Snake:4  | Identified a +0 robe
 46403 | Snake:4  | Identified a +0 glaive
 46403 | Snake:4  | Identified a +0 robe
 46419 | Snake:4  | Reached skill level 5 in Armour
 46574 | Snake:4  | Identified a +0 mace
 46576 | Snake:4  | Identified a +0 flail
 46759 | Snake:4  | Identified a +0 robe
 46763 | Snake:4  | Identified a +0 halberd
 46763 | Snake:4  | Identified a +0 robe
 46783 | Snake:4  | Identified a cursed -2 trident
 46823 | Snake:4  | Identified a +0 long sword
 46823 | Snake:4  | Identified a +0 halberd
 46823 | Snake:4  | Identified a +0 robe
 46823 | Snake:4  | Identified a +0 spear
 46823 | Snake:4  | Identified a +0 robe
 46824 | Snake:4  | Identified a +0 spear
 46824 | Snake:4  | Identified a +0 robe
 46846 | Snake:4  | Identified a +0 short sword
 46846 | Snake:4  | Identified a +0 hand axe
 46849 | Snake:4  | Reached skill level 6 in Armour
 46981 | Snake:4  | Identified a +0 dagger of venom
 46981 | Snake:4  | Identified a +0 robe
 46986 | Snake:4  | Identified a +0 robe
 46994 | Snake:4  | Identified a +1 battleaxe of freezing
 47001 | Snake:4  | Identified a +0 club
 47001 | Snake:4  | Identified a +0 robe
 47002 | Snake:4  | Identified a +0 halberd
 47194 | Snake:4  | Identified a +0 mace
 47262 | Snake:4  | Identified a +0 dagger of venom
 47262 | Snake:4  | Identified a +0 robe
 47266 | Snake:4  | Identified a +0 halberd
 47392 | Snake:4  | Identified a +0 battleaxe
 47392 | Snake:4  | Identified a +0 arbalest
 47548 | Snake:4  | Identified a +0 dire flail
 47559 | Snake:4  | Identified a +0 scimitar
 47574 | Snake:4  | Identified a +0 robe
 47575 | Snake:4  | Identified a +0 halberd
 47575 | Snake:4  | Identified a +0 robe
 47737 | Snake:4  | Reached skill level 7 in Armour
 47806 | Snake:4  | Identified a +0 dire flail
 47806 | Snake:4  | Identified a +0 shortbow
 48289 | Snake:4  | Identified a +3 vorpal hand axe
 48289 | Snake:4  | Identified a +0 robe
 48290 | Snake:4  | Identified a +0 long sword
 48290 | Snake:4  | Identified a +2 robe of magic resistance
 48386 | Snake:4  | Identified a +0 mace
 48399 | Snake:4  | Identified a +0 mace
 48446 | Snake:4  | Identified a +0 robe
 48446 | Snake:4  | Identified a +0 robe
 48498 | Snake:4  | Reached skill level 8 in Armour
 48936 | Snake:4  | Identified a +0 spear
 48936 | Snake:4  | Identified a +4 dagger of venom
 48936 | Snake:4  | Identified a +0 robe
 48988 | Snake:4  | Identified a +0 mace
 48988 | Snake:4  | Identified a +0 robe
 48993 | Snake:4  | Identified a +0 war axe
 48994 | Snake:4  | Identified a +0 scimitar
 48994 | Snake:4  | Identified a +0 robe
 49040 | Snake:4  | Got a serpentine rune of Zot
 49342 | Vaults:1 | Entered Level 1 of the Vaults
 49352 | Vaults:1 | Identified a +0 great sword
 49352 | Vaults:1 | Identified a +0 chain mail
 49352 | Vaults:1 | Identified a +0 dagger
 49352 | Vaults:1 | Identified a +0 whip
 49352 | Vaults:1 | Identified a +0 mace
 49429 | Vaults:1 | Identified a +0 flail
 49429 | Vaults:1 | Identified a +0 leather armour
 49523 | Vaults:1 | Identified a +0 great mace
 49523 | Vaults:1 | Identified a +0 ring mail
 49527 | Vaults:1 | Identified a +0 great mace
 49527 | Vaults:1 | Identified a +0 ring mail
 49531 | Vaults:1 | Identified a +3 long sword
 49531 | Vaults:1 | Identified a +0 robe
 49537 | Vaults:1 | Identified a +0 great mace
 49537 | Vaults:1 | Identified a +0 leather armour
 49543 | Vaults:1 | Reached skill level 9 in Armour
 49616 | Vaults:1 | Identified a +0 great mace
 49616 | Vaults:1 | Identified a +0 plate armour
 49640 | Vaults:1 | Identified a +0 long sword
 49640 | Vaults:1 | Identified a +0 ring mail
 49641 | Vaults:1 | Identified a +0 arbalest
 49651 | Vaults:1 | Identified a +0 great mace
 49651 | Vaults:1 | Identified a +0 scale mail
 49651 | Vaults:1 | Identified a +0 broad axe
 49651 | Vaults:1 | Identified a +0 arbalest
 49651 | Vaults:1 | Identified a +0 plate armour
 49670 | Vaults:1 | Identified a +1 great mace
 49670 | Vaults:1 | Identified a +0 plate armour
 49679 | Vaults:1 | Identified a +3 war axe
 49679 | Vaults:1 | Identified a cursed -3 arbalest
 49679 | Vaults:1 | Identified a +0 plate armour
 49773 | Vaults:1 | Identified +0 ice dragon scales
 49894 | Vaults:1 | Identified a +0 hand axe
 49895 | Vaults:1 | Identified a +0 short sword
 49895 | Vaults:1 | Identified a +0 giant club
 49896 | Vaults:1 | Identified a +0 battleaxe
 49896 | Vaults:1 | Identified a +0 plate armour
 49982 | Vaults:1 | Identified a +0 arbalest
 49997 | Vaults:1 | Identified a +0 dire flail
 49997 | Vaults:1 | Identified a cursed +0 ring mail
 50046 | Vaults:1 | Identified a +0 dagger
 50046 | Vaults:1 | Identified a +0 robe
 50048 | Vaults:1 | Identified a +0 hand axe
 50051 | Vaults:1 | Identified a +0 great mace
 50051 | Vaults:1 | Identified a +0 chain mail
 50051 | Vaults:1 | Identified a +3 flail
 50051 | Vaults:1 | Identified a +0 leather armour
 50055 | Vaults:1 | Reached XP level 19. HP: 99/99 MP: 27/27
 50076 | Vaults:1 | Identified a +0 ring mail
 50100 | Vaults:1 | Identified a cursed -3 glaive
 50100 | Vaults:1 | Identified a +0 chain mail
 50100 | Vaults:1 | Identified a +0 scimitar
 50100 | Vaults:1 | Identified a cursed +0 chain mail
 50100 | Vaults:1 | Identified a +0 trident
 50100 | Vaults:1 | Identified a +0 plate armour
 50100 | Vaults:1 | Identified a +0 giant spiked club
 50101 | Vaults:1 | Identified a +0 mace
 50101 | Vaults:1 | Identified a +0 chain mail
 50102 | Vaults:1 | Identified a +0 dagger
 50102 | Vaults:1 | Identified a +0 leather armour
 50104 | Vaults:1 | Identified a +0 long sword
 50104 | Vaults:1 | Identified a +0 plate armour
 50104 | Vaults:1 | Identified a +0 dagger
 50104 | Vaults:1 | Identified a +0 robe
 50104 | Vaults:1 | Identified a +0 halberd
 50104 | Vaults:1 | Identified a +0 robe
 50104 | Vaults:1 | Identified a +0 dire flail
 50104 | Vaults:1 | Identified a +0 giant club
 50104 | Vaults:1 | Identified a +0 giant club
 50104 | Vaults:1 | Identified a +0 giant club
 50104 | Vaults:1 | Identified a +1 great mace of protection
 50104 | Vaults:1 | Identified a +0 leather armour
 50134 | Vaults:1 | Identified a +0 troll leather armour
 50139 | Vaults:1 | Identified a +0 giant spiked club
 50139 | Vaults:1 | Identified a +0 giant spiked club
 50154 | Vaults:1 | Identified a +0 troll leather armour
 50207 | Vaults:1 | Identified a +0 giant club
 50220 | Vaults:1 | Reached skill level 10 in Armour
 50240 | Vaults:1 | Identified a +0 troll leather armour
 50424 | Vaults:1 | Found Yguegaul's Antique Armour Emporium.
 50432 | Vaults:1 | Bought an embroidered scarf for 368 gold pieces
 50442 | Vaults:1 | Identified a scarf of resistance (You bought it in a shop
                  | on level 1 of the Vaults)
 50520 | Vaults:1 | Identified a +2 war axe
 50520 | Vaults:1 | Identified a +0 chain mail
 50523 | Vaults:1 | Identified a +0 scimitar
 50523 | Vaults:1 | Identified a +0 chain mail
 50684 | Vaults:1 | Identified a +0 dagger
 50685 | Vaults:1 | Identified a +0 dagger
 50685 | Vaults:1 | Identified a +0 robe
 50687 | Vaults:1 | Identified a +0 halberd
 50687 | Vaults:1 | Identified a +0 chain mail
 50748 | Vaults:1 | Identified a +0 dagger
 50748 | Vaults:1 | Identified a +0 robe
 50776 | Vaults:1 | Identified a +0 war axe
 50776 | Vaults:1 | Identified a +0 scale mail
 50776 | Vaults:1 | Identified a +0 morningstar
 50776 | Vaults:1 | Identified a +0 ring mail
 50776 | Vaults:1 | Identified a +0 arbalest
 50777 | Vaults:1 | Identified a +0 arbalest
 50777 | Vaults:1 | Identified a +0 arbalest
 50779 | Vaults:1 | Identified a +0 morningstar
 50779 | Vaults:1 | Identified a +0 ring mail
 50779 | Vaults:1 | Identified a +0 great mace
 50779 | Vaults:1 | Identified a +0 ring mail
 50779 | Vaults:1 | Identified a +0 war axe
 50779 | Vaults:1 | Identified a +0 arbalest
 50779 | Vaults:1 | Identified a +1 ring mail of cold resistance
 50779 | Vaults:1 | Identified a +0 arbalest
 50782 | Vaults:1 | Identified a +0 broad axe
 50782 | Vaults:1 | Identified a +0 plate armour
 50794 | Vaults:1 | Identified a +0 long sword
 50794 | Vaults:1 | Identified a +0 ring mail
 50806 | Vaults:1 | Identified a +2 falchion of electrocution
 50806 | Vaults:1 | Identified a +0 scale mail
 50809 | Vaults:1 | Identified a +0 arbalest
 50827 | Vaults:1 | Identified a +0 arbalest
 51336 | Vaults:1 | Identified a ring of resist corrosion (You found it on
                  | level 1 of the Vaults)
 51337 | Vaults:1 | Identified a scroll of magic mapping
 51346 | Vaults:2 | Identified a +0 arbalest
 51347 | Vaults:2 | Identified a +0 arbalest
 51353 | Vaults:2 | Identified a +0 arbalest
 51699 | Vaults:2 | Identified a +0 war axe of flaming
 51701 | Vaults:2 | Identified a +0 short sword
 51702 | Vaults:2 | Identified a +0 dire flail
 51702 | Vaults:2 | Identified a +0 chain mail
 51702 | Vaults:2 | Identified a +0 dagger
 51702 | Vaults:2 | Identified a +1 robe of magic resistance
 51702 | Vaults:2 | Identified a +0 battleaxe
 51702 | Vaults:2 | Identified a +0 plate armour
 51710 | Vaults:2 | Reached skill level 11 in Armour
 51785 | Vaults:2 | Identified a +0 falchion
 51785 | Vaults:2 | Identified a +0 ring mail
 51914 | Vaults:2 | Identified a +0 falchion
 51914 | Vaults:2 | Identified a +0 scale mail
 52018 | Vaults:2 | Identified a +0 dire flail
 52018 | Vaults:2 | Identified a +0 scale mail
 52018 | Vaults:2 | Identified a +0 arbalest
 52019 | Vaults:2 | Identified a +1 glaive
 52019 | Vaults:2 | Identified a +0 chain mail
 52019 | Vaults:2 | Noticed Frederick
 52019 | Vaults:2 | Identified a +3 scimitar of draining
 52019 | Vaults:2 | Identified a +0 plate armour
 52019 | Vaults:2 | Identified a +0 vorpal demon trident
 52019 | Vaults:2 | Identified a +0 chain mail
 52019 | Vaults:2 | Identified a +2 dire flail
 52019 | Vaults:2 | Identified a cursed +0 chain mail
 52035 | Vaults:2 | Identified a +4 long sword of flaming
 52035 | Vaults:2 | Identified a +0 chain mail
 52035 | Vaults:2 | Identified a +5 great mace
 52035 | Vaults:2 | Identified a +0 chain mail
 52037 | Vaults:2 | Identified a +0 long sword
 52037 | Vaults:2 | Identified +0 fire dragon scales
 52037 | Vaults:2 | Noticed Margery
 52037 | Vaults:2 | Identified a +4 battleaxe of flaming
 52037 | Vaults:2 | Identified a +0 chain mail
 52039 | Vaults:2 | Identified a +1 demon trident of flaming
 52039 | Vaults:2 | Identified a +0 plate armour
 52039 | Vaults:2 | Identified a +0 dagger
 52039 | Vaults:2 | Identified a +0 robe
 52336 | Vaults:1 | Killed Margery
 52589 | Vaults:2 | Found Nongopoch's Antique Armour Boutique.
 52590 | Vaults:2 | Identified a +1 great sword
 52590 | Vaults:2 | Identified a +1 chain mail of positive energy
 52590 | Vaults:2 | Noticed Jory
 52591 | Vaults:2 | Identified a +0 arbalest
 52731 | Vaults:2 | HP: 20/99 [Jory/vampiric draining (7)]
 52734 | Vaults:2 | Killed from afar by Jory

Table legend:
 A = Turns spent in this place as a percentage of turns spent in the entire game.
 B = Non-inter-level travel turns spent in this place as a percentage of non-inter-level travel turns spent in the entire game.
 C = Inter-level travel turns spent in this place as a percentage of turns spent in this place.
 D = Turns resting spent in this place as a percentage of non-inter-level travel turns spent in this place.
 E = Turns spent auto-exploring this place as a percentage of non-inter-level travel turns spent in this place.
 F = Non-inter-level travel turns spent in this place divided by the number of levels of this place that you've seen.
                   A       B       C       D       E      F
               +-------+-------+-------+-------+-------+----------------------
         Total | 100.0 | 100.0 |   4.5 |  33.6 |  30.7 | 1361.1
       Dungeon |  43.9 |  43.5 |   5.3 |  40.3 |  29.1 | 1459.7
        Temple |   0.3 |   0.3 |   0.0 |  10.1 |  35.7 | 168.0
          Lair |  13.5 |  13.3 |   5.9 |  19.1 |  49.8 | 1118.7
         Swamp |  11.6 |  11.3 |   7.3 |  27.4 |  29.0 | 1423.5
     Snake Pit |  14.6 |  15.0 |   2.3 |  34.2 |  27.0 | 1883.2
  Orcish Mines |   3.9 |   4.0 |   2.7 |  17.4 |  27.1 | 1005.5
        Vaults |   6.4 |   6.7 |   1.2 |  27.5 |  35.1 | 1675.5
         Sewer |   3.3 |   3.4 |   0.0 |  58.1 |  13.8 | 1718.0
      Ice Cave |   1.2 |   1.3 |   0.0 |  28.9 |   4.8 | 630.0
      Gauntlet |   1.2 |   1.3 |   0.0 |  34.9 |   0.2 | 648.0
               +-------+-------+-------+-------+-------+----------------------

Table legend:
 A = Kills in this place as a percentage of kills in entire the game.
 B = Kills by you in this place as a percentage of kills by you in the entire game.
 C = Kills by friends in this place as a percentage of kills by friends in the entire game.
 D = Other kills in this place as a percentage of other kills in the entire game.
 E = Experience gained in this place as a percentage of experience gained in the entire game.
 F = Experience gained in this place divided by the number of levels of this place that you have seen.
                   A       B       C       D       E      F
               +-------+-------+-------+-------+-------+----------------------
         Total | 100.0 | 100.0 | 100.0 | 100.0 | 100.0 | 11334.6
       Dungeon |  37.3 |  37.4 |   0.0 |  33.3 |  18.8 | 5268.6
          Lair |  13.6 |  13.6 |   0.0 |  11.1 |   9.7 | 6757.2
         Swamp |  12.3 |  12.2 | 100.0 |  11.1 |  19.8 | 20707.2
     Snake Pit |  13.0 |  13.1 |   0.0 |   0.0 |  29.3 | 30766.8
  Orcish Mines |  10.5 |  10.4 |   0.0 |  22.2 |   4.5 | 9522.0
        Vaults |   7.4 |   7.4 |   0.0 |  11.1 |  15.3 | 32089.0
         Sewer |   3.2 |   3.2 |   0.0 |   0.0 |   0.1 | 239.0
      Ice Cave |   2.0 |   2.0 |   0.0 |   0.0 |   1.4 | 6012.0
      Gauntlet |   0.8 |   0.7 |   0.0 |  11.1 |   1.1 | 4441.0
               +-------+-------+-------+-------+-------+----------------------

Skill      XL: |  1  2  3  4  5  6  7  8  9 10 11 12 13 14 15 16 17 18 19 |
---------------+----------------------------------------------------------+-----
Spellcasting   | 3 4 5 |  5.0
Stealth        | 5 6 7 9 11 12 13 15 16 18 20 22 | 22.3
Short Blades   | 2 3 4 5 6 8 |  8.9
Hexes          | 4 5 6 8 9 10 | 10.0
Evocations     | 3 5 10 | 10.0
Fighting       | 1 3 4 5 6 8 10 | 10.4
Dodging        | 4 7 9 10 12 14 15 19 23 | 23.4
Invocations    | 2 4 5 7 10 | 10.0
Shields        | 6 7 |  7.2
Poison Magic   | 2 |  2.0
Air Magic      | 2 |  2.0
Conjurations   | 2 |  2.0
Armour         | 9 11 | 11.4

Action                   |  1- 3 |  4- 6 |  7- 9 | 10-12 | 13-15 | 16-18 | 19-21 || total
-------------------------+-------+-------+-------+-------+-------+-------+-------++-------
Melee: Dagger            |   208 |   259 |   259 |   393 |   220 |       |       ||  1339
       Unarmed           |       |       |       |     3 |       |       |       ||     3
       Quick blade       |       |       |       |       |  1323 |  2743 |   710 ||  4776
 Cast: Ensorcelled Hiber |     9 |    90 |   156 |   252 |   224 |    44 |     4 ||   779
       Confusing Touch   |       |     2 |    16 |    26 |    44 |    29 |     5 ||   122
       Dazzling Flash    |       |       |     3 |     2 |    11 |       |       ||    16
       Mephitic Cloud    |       |       |       |       |     3 |     9 |     4 ||    16
       Tukima's Dance    |       |       |       |       |       |       |     2 ||     2
Invok: Shadow Step       |       |       |       |       |     1 |     3 |     5 ||     9
       Shadow Form       |       |       |       |       |       |     2 |       ||     2
 Abil: Evoke Invisibilit |       |       |     1 |     2 |    11 |     1 |       ||    15
       Evoke Berserk Rag |       |       |       |       |       |     1 |       ||     1
Evoke: Wand              |       |       |       |       |       |     3 |       ||     3
       Phial of floods   |       |       |       |       |       |     1 |       ||     1
       Phantom mirror    |       |       |       |       |       |     1 |       ||     1
  Use: Scroll            |       |    10 |    12 |     5 |     9 |    12 |     2 ||    50
       Potion            |       |       |       |     3 |       |     3 |       ||     6
 Stab: Sleeping          |    11 |    71 |   117 |   178 |   251 |   125 |    14 ||   767
       Confused          |       |     1 |    13 |    31 |    52 |    26 |     4 ||   127
       Invisible         |       |       |     6 |     6 |    36 |    18 |       ||    66
       Distracted        |       |       |       |       |     6 |    20 |     1 ||    27
  Eat: Ration            |       |     2 |     3 |     3 |     5 |     5 |     1 ||    19
Armor: Robe              |    22 |    18 |    11 |     6 |    35 |    44 |       ||   136
       Pearl dragon scal |       |       |       |       |       |    76 |    44 ||   120
Dodge: Dodged            |   177 |   202 |   201 |   403 |   679 |  1058 |   200 ||  2920
       Repelled          |       |       |       |     1 |    10 |    65 |     3 ||    79
Block: Buckler           |       |       |       |    24 |   354 |   588 |   105 ||  1071

Vanquished Creatures
  Vashnia (Snake:4)
  Bai Suzhen (Snake:4)
  Nikola (Swamp:4)
  Rupert (D:13)
  A thorn hunter (Swamp:3)
  Kirke (D:13)
  10 nagarajas
  Aizul (Snake:1)
  An orc warlord (Orc:2)
  3 vault wardens
  6 ironheart preservers (Vaults:1)
  2 stone giants (Vaults:2)
  A minotaur (Gauntlet)
  A blizzard demon (IceCv)
  A death ooze (Gauntlet)
  Josephine (D:13)
  An ettin (Orc:2)
  Erolcha (D:9)
  6 fire dragons
  15 hydras
  2 yaktaur captains
  An ice dragon (Vaults:1)
  A great orb of eyes (Vaults:2)
  2 rakshasas
  14 naga warriors
  A ghost crab (Swamp:3)
  A catoblepas (D:14)
  A death knight (D:14)
  18 anacondas
  8 centaur warriors
  An ogre mage (Vaults:1)
  5 shambling mangroves
  A tengu warrior (D:13)
  4 two-headed ogres
  A deep troll shaman (Vaults:1)
  17 alligators
  A deep troll earth mage (Vaults:1)
  5 shock serpents
  5 orc high priests
  16 naga sharpshooters
  Urug (D:14)
  A hell knight (Vaults:2)
  2 fire crabs (Swamp:4)
  4 skeletal warriors (D:15)
  A sea snake (Snake:4)
  9 swamp dragons
  3 deep trolls (Vaults:1)
  4 wizards
  6 unseen horrors
  3 spriggan druids (Swamp:3)
  7 naga ritualists
  4 ironbrand convokers
  A lindwurm (Lair:5)
  5 mana vipers
  2 necromancers
  2 wolf spider zombies (D:14)
  14 orc knights
  5 deep elf magi
  7 salamanders
  9 orc sorcerers
  7 ugly things
  A manticore (D:14)
  4 elephants (Lair:6)
  5 cyclopes
  12 guardian serpents
  2 ice statues (IceCv)
  Joseph (Lair:1)
  Maurice (D:9)
  32 black mambas
  17 naga magi
  8 vault sentinels
  15 cane toads
  11 yaktaurs
  3 efreet (D:14)
  3 centaur skeletons
  4 freezing wraiths
  14 ice devils (IceCv)
  A queen bee (Gauntlet)
  9 komodo dragons
  3 polar bears (Lair:6)
  5 trolls
  A wolf spider simulacrum (D:15)
  9 tyrant leeches
  21 blink frogs
  A harpy skeleton (D:15)
  31 slime creatures
  8 hippogriffs
  21 hornets
  7 dream sheep
  9 bog bodies
  4 shadows
  6 wraiths
  6 wyverns
  22 spriggans
  40 yaks
  9 basilisks
  5 hogs (D:13)
  Eustachio (D:5)
  2 fire elementals (Lair:5)
  4 steam dragons
  14 humans
  20 swamp worms
  21 vampire mosquitoes
  24 insubstantial wisps
  Edmund (D:4)
  A warg (Orc:2)
  4 acid dragons
  54 nagas
  16 water moccasins
  14 porcupines
  6 sky beasts
  6 swamp drakes
  7 black bears
  3 ice beasts
  40 orc warriors
  A necrophage (D:12)
  13 boggarts
  16 ogres
  3 eyes of draining
  3 phantoms
  8 centaurs
  30 wolves
  15 crocodiles
  Blork the orc (D:6)
  7 big kobolds
  18 bullfrogs
  3 wyvern zombies
  4 scorpions
  9 killer bees
  14 wights
  2 electric eels (Lair:4)
  3 howler monkeys
  4 crimson imps (D:5)
  3 bullfrog zombies
  4 centaur zombies
  A quasit (D:10)
  A lava snake (Swamp:4)
  17 jellies
  31 orc priests
  2 gnoll shamans
  6 hounds
  A bullfrog skeleton (D:7)
  2 iguanas
  Ijyb (D:3)
  46 orc wizards
  14 worker ants
  2 hound zombies
  9 gnolls
  21 adders
  6 river rats (Sewer)
  3 shadow imps
  13 white imps
  7 ufetubi
  3 oozes
  An adder skeleton (D:8)
  2 worms
  4 dart slugs
  12 leopard geckos
  145 orcs
  9 ball pythons
  8 bats
  12 giant cockroaches
  7 goblins
  12 hobgoblins
  12 jackals
  38 kobolds
  8 quokkas
  12 frilled lizards
  A jackal zombie (D:8)
  A quokka skeleton (D:5)
  25 rats
1503 creatures vanquished.

Vanquished Creatures (collateral kills)
  Roxanne (Swamp:4)
  A swamp dragon (Swamp:4)
2 creatures vanquished.

Vanquished Creatures (others)
  Margery (Vaults:1)
  A swamp dragon (Swamp:4)
  A lindwurm (Swamp:4)
  A wizard (D:3)
  2 humans (D:14)
  3 steam dragons (Swamp:4)
  6 swamp drakes (Swamp:4)
  A white imp (IceCv)
  3 ufetubi (IceCv)
  17 fungi
  31 plants
67 creatures vanquished.

Grand Total: 1572 creatures vanquished
